 Dungeon Crawl Stone Soup version 0.30.0-29-ga12c61a403 (webtiles) character file.

Game seed: 5777890934802975245

417784 qw the Slayer (level 23, -19/164 HPs)
             Began as a Gargoyle Fighter on June 4, 2023.
             Was an Elder of Okawaru.
             Killed by the air
             ... invoked by a titan
              (39 damage)
             ... on level 5 of the Vaults.
             The game lasted 00:31:50 (53268 turns).

qw the Slayer (Gargoyle Fighter)                   Turns: 53268, Time: 00:31:50

Health: -19/164    AC: 54    Str: 34    XL:     23   Next: 64%
Magic:  30/30      EV: 19    Int: 10    God:    Okawaru [****..]
Gold:   1167       SH: 23    Dex:  9    Spells: 22/22 levels left

rFire   + + +        h - +4 broad axe (spect)
rCold   . . .        x - +0 tower shield
rNeg    + . .        j - +8 chain mail of Polytheism {rCorr Str+3}
rPois   inf          E - +0 hat of the Dozen Ultimatums {rF+++}
rElec   +            n - +2 cloak
rCorr   +            A - +2 pair of gloves {Str+3}
SInv    +            c - +2 pair of boots {Fly}
Will    +....        z - amulet of faith Stlth
                     i - +5 ring of evasion
HPRegen 0.47/turn    t - ring of see invisible
MPRegen 0.22/turn

%: faith
@: heroic, flying
A: sickness immunity, AC +17, big wings, negative energy resistance 1,
electricity resistance, torment resistance 1, petrification resistance, dopey 1,
subdued magic 1
}: 2/15 runes: barnacled, gossamer
a: Renounce Religion, Heroism, Finesse


You were on level 5 of the Vaults.
You worshipped Okawaru.
Okawaru was greatly pleased with you.
You visited 8 branches of the dungeon, and saw 40 of its levels.
You visited the Abyss 3 times.
You also visited: Gauntlet.

You collected 5394 gold pieces.
You spent 4227 gold pieces at shops.


Innate Abilities, Weirdness & Mutations

You are immune to sickness and miasma.
Your stone body is resilient. (AC +17)
You are immune to poison.
Your large and strong wings let you fly.
You resist negative energy. (rN+)
You are resistant to electric shocks. (rElec)
You are resistant to unholy torment.
You are immune to petrification.
You are dopey. (Int -2)
Your spells are a little easier to cast, but a little less powerful.


   Skills:
 - Level 23.0(27) Fighting
 - Level 18.0(23.0) Axes
 - Level 11.0(16.0) Throwing
 + Level 18.8(23.8) Armour
 - Level 8.0(13.0) Dodging
 - Level 21.9(26.9) Shields
 - Level 10.0 Invocations


You had 22 spell levels left.
You didn't know any spells.
Your spell library was empty.

Inventory:

Hand Weapons
 h - a +4 spectral broad axe (weapon)
Missiles
 q - 30 boomerangs (quivered)
Armour
 c - a +2 pair of boots of flying (worn)
 j - the +8 chain mail of Polytheism (worn) {rCorr Str+3}
   (Okawaru gifted it to you on level 3 of the Lair of Beasts)

   Str:       It affects your strength (+3).
   rCorr:     It protects you from acid and corrosion.
 n - a +2 cloak (worn)
 v - a +3 plate armour of cold resistance
 x - a +0 tower shield (worn)
 A - a +2 pair of gloves of strength (worn)
 B - a +2 helmet
 E - the +0 hat of the Dozen Ultimatums (worn) {rF+++}
   (You found it on level 4 of the Spider Nest)

   rF:        It renders you almost immune to fire.
 F - a +10 plate armour of ponderousness
 G - the +1 plate armour of Pride {rF+}
   (You found it on level 3 of the Depths)

   rF:        It protects you from fire.
Jewellery
 i - a +5 ring of evasion (left hand)
 r - a ring of protection from fire
 t - a ring of see invisible (right hand)
 u - an amulet of the acrobat
 z - an amulet of faith (around neck)
 Y - a +4 ring of protection
Wands
 w - a wand of digging (18)
Scrolls
 b - 11 scrolls of identify
 f - 5 scrolls of enchant armour
 y - 6 scrolls of teleportation
 D - 4 scrolls of brand weapon
Potions
 a - 3 potions of magic
 d - 8 potions of might
 e - 5 potions of attraction
 g - 21 potions of curing
 l - 10 potions of lignification
 m - 6 potions of resistance
 o - 3 potions of haste
 p - 11 potions of mutation
 C - 6 potions of cancellation

Dungeon Overview and Level Annotations

Branches:
Dungeon (15/15)            Temple (1/1) D:4            Lair (5/5) D:10
 Shoals (4/4) Lair:2       Spider (4/4) Lair:2        Slime (0/5) Lair:4
    Orc (2/2) D:9             Elf (0/3) Orc:2        Vaults (5/5) D:14
  Crypt (0/3) Vaults:3     Depths (4/4) D:15            Zot (0/5) Depths:4
Gauntlet (visited)

Altars:
Ashenzari
Cheibriados
Dithmenos
Elyvilon
Fedhas
Gozag
Hepliaklqana
Kikubaaqudgha
Makhleb
Nemelex Xobeh
Okawaru
Qazlal
Ru
Sif Muna
Trog
Uskayaw
Vehumet
Wu Jian
Xom
Yredelemnul
Zin
The Shining One
Jiyva

Shops:
D:2 [   D:5 (((   D:7 =   D:11 *   Orc:1 (   Orc:2 [=(*   Shoals:1 :
Vaults:1 *?*   Vaults:2 [   Depths:1 *(*!   Depths:3 *?!

Portals:
Hell: Depths:1 Depths:2 Depths:3 Depths:4
Abyss: Depths:2
Pandemonium: Depths:1 Depths:2
Ziggurat: Depths:2
Trove: Depths:2 (give 12 potions of heal wounds)

Annotations:
D:2 1 runed translucent door, Crazy Yiuf
Shoals:4 1 runed translucent door, qw's ghost, adept GrFi
Vaults:3 3 runed translucent doors, Anosyof's ghost, adept CeHu
Depths:3 4 transporters


Message History

Your surroundings suddenly seem different.
You start resting.
A vault warden is nearby!
You are too injured to fight recklessly!
You are too injured to fight recklessly!
The vault warden activates a sealing rune.
You are too injured to fight recklessly!
53264 ||| READING 7 scrolls of teleportation.
As you read the scroll of teleportation, it crumbles to dust.
You feel strangely unstable. The vault warden blocks your attack.
The vault warden is moderately wounded.
Your +4 spectral broad axe hits the vault warden!!!
You block the vault warden's attack.
The vault warden barely misses your +4 spectral broad axe.
You slice the vault warden!!
The vault warden is almost dead.
The vault warden blocks your +4 spectral broad axe's attack.
You barely miss the vault warden.
The vault warden is almost dead.
Your +4 spectral broad axe hits the vault warden!!
You kill the vault warden!
Okawaru accepts your kill.
The runic seals fade away.
Your life force feels restored.
You start resting.
Your +4 spectral broad axe disappears.
Your surroundings suddenly seem different.
A tengu reaver, a phantasmal warrior, 2 deep elf demonologists, a titan, 2 shadow dragons and 3 hell knights come into view.
The tengu reaver is wielding a +1 heavy battleaxe and wearing a +1 scale mail of cold resistance.
A hell knight is wielding a +4 heavy halberd.
A hell knight is wielding a +3 great mace of flaming.
Found ten items.
The deep elf demonologist shouts!
The titan shouts!
The hell knight shouts! x3
You hear a shout!
A necromancer comes into view. It is wielding a +0 dagger.
The shadow dragon breathes negative energy at you.
The bolt of negative energy hits you but does no damage.
You partially resist.
The titan waves its arms in wide circles.
The air twists around and strikes you!!!
You die...

.....)..######### ########p.
.(...)).%........ ......p...
.#.(.)#)......... ## .........#
#p...#.)........ #$## .........#
#....#.........##|[)##........^#
#...$#.......###.D...###.......#
#....#......+#.......pp +...X.?#
#....#.....#+.C.....p.. #.....#
#....#...###...@......p ###...#
#....#..##.........$... ##..#
#$Q......?..... ##.#
e(..W....^!e... #+#
#:.........?... #.#
##........D.... #..# ....#
###.....$..... ##..(# ....#
#+.......... +#.....# #....#
#+).....#


You could see 2 shadow dragons, a titan, a tengu reaver, 3 hell knights, 2 deep
elf demonologists, a phantasmal warrior and a necromancer (wandering).

Vanquished Creatures
  An ancient lich (Vaults:5)
  Sojobo (Vaults:5)
  Boris (Vaults:2)
  Frederick (Vaults:4)
  Margery (Vaults:4)
  Nikola (Vaults:3)
  3 bone dragons (Abyss:2)
  2 tentacled monstrosities
  A Hell Sentinel (Abyss:2)
  Jorgrun (Orc:1)
  4 liches
  A titan (Vaults:5)
  5 krakens
  2 sphinxes
  5 tentacled starspawn (Abyss:2)
  A shadow dragon (Depths:3)
  2 storm dragons
  Ilsuiw (Shoals:2)
  9 tengu reavers
  A draconian monk (Depths:4)
  5 fire giants
  An iron dragon (Depths:3)
  4 frost giants
  A balrug (Depths:1)
  3 ghost moths
  11 emperor scorpions
  4 orc warlords
  A draconian shifter (Abyss:2)
  13 vault wardens
  24 ironbound preservers
  8 ironbound thunderhulks
  21 very ugly things
  3 war gargoyles
  A reaper (Depths:2)
  A vampire knight (Depths:3)
  16 stone giants
  2 broodmothers (Spider:4)
  A green draconian (Depths:4)
  A deep elf demonologist (Vaults:5)
  11 dire elephants
  A deep elf annihilator (Vaults:5)
  Nessos (Lair:3)
  A lorocyproca (Abyss:2)
  A red draconian (Depths:4)
  A white draconian (Depths:4)
  A yellow draconian (Depths:4)
  A minotaur (Gauntlet)
  2 eidola
  10 ettins
  A blizzard demon (Abyss:2)
  A crystal guardian (Vaults:4)
  6 merfolk javelineers
  9 great orbs of eyes
  7 merfolk impalers
  5 fire dragons
  9 yaktaur captains
  A deep elf high priest (Vaults:5)
  A spriggan zombie (Abyss:2)
  Josephine (D:12)
  2 rakshasas
  4 entropy weavers
  33 vault guards
  5 hydras
  4 ice dragons
  2 spriggan air magi
  A juggernaut simulacrum (Depths:1)
  An ogre mage (D:15)
  7 centaur warriors
  4 peacekeepers
  11 ironbound frosthearts
  An alligator snapping turtle (Shoals:4)
  A death knight (Vaults:3)
  A jorogumo (Spider:3)
  2 radroaches
  5 tengu warriors
  7 two-headed ogres
  2 merfolk aquamancers
  12 boulder beetles
  A merfolk avatar (Shoals:3)
  4 satyrs
  2 deep troll shamans
  12 death yaks
  9 deep troll earth magi
  A vampire mage (Vaults:3)
  2 thrashing horrors (Abyss:2)
  2 spriggan berserkers
  An orc high priest (Orc:2)
  11 hell knights
  Urug (D:11)
  3 wretched stars (Abyss:2)
  3 skysharks
  A sun demon (Depths:1)
  4 sixfirhies
  3 iron trolls
  A shadow wraith (Vaults:5)
  5 skeletal warriors (D:14)
  7 pharaoh ants
  3 sun moths
  13 sea snakes
  76 deep trolls
  7 glowing orange brains
  A flayed ghost (Abyss:2)
  5 orb spiders (Spider:3)
  A death drake (shapeshifter) (Vaults:5)
  6 lindwurms
  23 ironbound convokers
  8 wizards
  3 phantasmal warriors
  16 harpies
  7 steelbarb worms
  2 wolf spider zombies (D:14)
  7 necromancers
  12 orc knights
  A salamander (D:15)
  2 orc sorcerers (Orc:2)
  2 fire giant zombies
  21 fauns
  A shining eye (Abyss:2)
  20 wolf spiders
  21 ugly things
  3 deep elf pyromancers (D:14)
  8 cyclopes
  10 elephants
  2 human zombies (Vaults:1)
  15 manticores
  A fire giant skeleton (Depths:1)
  3 moths of wrath
  2 black mambas
  12 merfolk sirens
  4 demonic crawlers
  An eye of devastation (shapeshifter) (D:14)
  2 rust devils (Depths:2)
  6 water nymphs
  A frost giant skeleton (Depths:1)
  21 vault sentinels
  3 centaur zombies (D:14)
  An alligator snapping turtle zombie (Abyss:2)
  2 apocalypse crabs
  4 torpor snails
  An orange demon (Abyss:2)
  2 smoke demons
  6 cane toads
  An unseen horror (D:10)
  26 yaktaurs
  3 kobold demonologists
  An efreet (D:14)
  5 komodo dragons
  An ice devil (Abyss:2)
  2 tengu conjurers (D:15)
  4 freezing wraiths
  6 rime drakes
  2 ancient zymes (Abyss:2)
  31 merfolk
  16 meliai
  A merfolk (shapeshifter) (Depths:4)
  15 tarantellas
  8 hornets
  A queen bee (shapeshifter) (D:14)
  4 polar bears
  A meliai (shapeshifter) (D:14)
  7 trolls
  Grinder (D:5)
  5 raiju (Abyss:2)
  17 dream sheep
  4 wind drakes
  Prince Ribbit (D:5)
  10 snapping turtles
  24 blink frogs
  23 slime creatures
  A human simulacrum (Vaults:1)
  8 small abominations (Abyss:2)
  25 jumping spiders
  A spriggan (shapeshifter) (D:15)
  16 spriggans
  A centaur simulacrum (D:15)
  24 culicivoras
  3 shadows
  7 wraiths
  4 wyverns
  A ynoxinul (Abyss:2)
  8 starcursed masses (Abyss:2)
  45 yaks
  A fire bat (Abyss:2)
  10 water elementals
  4 basilisks
  3 chaos spawn (Abyss:2)
  3 neqoxecs
  50 redbacks
  A steam dragon (Lair:2)
  6 vampire mosquitoes
  A swamp worm (shapeshifter) (Vaults:5)
  3 wargs
  An acid dragon (D:14)
  7 large abominations (Abyss:2)
  A glowing shapeshifter zombie (Depths:2)
  Edmund (D:5)
  13 water moccasins
  2 glowing shapeshifter skeletons
  Duvessa (D:5)
  A floating eye (Depths:1)
  3 ice beasts
  39 orc warriors
  A sky beast (D:8)
  9 black bears
  10 ogres
  35 wolves
  3 boggarts (Lair:5)
  13 centaurs
  4 kobold brigands
  A phantom (D:5)
  6 bullfrogs
  3 gnoll sergeants (D:9)
  A scorpion (D:5)
  12 wights
  3 killer bees (D:10)
  Dowan (D:5)
  8 howler monkeys
  A quasit (Abyss:2)
  A crimson imp (Abyss:2)
  A lava snake (D:10)
  2 hounds
  19 orc priests
  A gnoll bouda (D:10)
  An iguana (D:4)
  2 iron imps (Abyss:2)
  2 boggart zombies (D:14)
  25 orc wizards
  5 adders
  17 gnolls
  A shadow imp (D:8)
  2 white imps
  2 ufetubi (Abyss:2)
  2 worms
  A dart slug (D:4)
  82 orcs
  6 endoplasms
  A giant cockroach (D:3)
  4 hobgoblins (D:4)
  10 kobolds
  2 quokkas
  8 ball pythons
  5 bats
  2 frilled lizards
  7 goblins
  6 rats
  6 starspawn tentacles (Abyss:2)
  19 tentacles
1650 creatures vanquished.

Vanquished Creatures (others)
  A large abomination (Abyss:2)
  A small abomination (Abyss:2)
  A jelly (Abyss:2)
  61 spectral weapons
  8 starspawn tentacles (Abyss:2)
  42 tentacles
114 creatures vanquished.

Grand Total: 1764 creatures vanquished

Notes
Turn   | Place    | Note
-------+----------+-------------------------------------------
     0 | D:1      | qw the Gargoyle Fighter began the quest for the Orb.
     0 | D:1      | Reached XP level 1. HP: 14/14 MP: 1/1
     0 | D:1      | 0 ||| qw: Version: 0.2-a-107-g4668610
     0 | D:1      | 0 ||| qw: Game counter: 1238
     0 | D:1      | 0 ||| qw: Always use a shield: true
     0 | D:1      | 0 ||| qw: God list: Okawaru
     0 | D:1      | 0 ||| qw: Allow faded altars: false
     0 | D:1      | 0 ||| qw: Do Orc after D:15 true
     0 | D:1      | 0 ||| qw: Do second Lair branch before Depths: true
     0 | D:1      | 0 ||| qw: Lair rune preference: random
     0 | D:1      | 0 ||| qw: Plans: Normal, Zot:1-4, Slime:5, God:TSO, Crypt,
                  | Tomb, Abyss, Pan, Hells, Win
     0 | D:1      | 0 ||| PLANNING D:1-11
   609 | D:1      | 609 ||| UPGRADING to +4 ring of protection.
   610 | D:1      | 610 ||| UPGRADING to +6 ring of strength.
   611 | D:1      | 611 ||| READING 2 scrolls labelled HOIDUE BECUAVVO.
   612 | D:1      | 612 ||| READING scroll labelled TOSUCO AFIALOO.
   613 | D:1      | 613 ||| DRINKING 2 emerald potions.
   662 | D:2      | Found Zailux's Antique Armour Boutique.
   669 | D:2      | 669 ||| SHOPLISTING glowing leather armour (105 gold, have
                  | 74).
   739 | D:2      | 739 ||| Stepping ~*~*~tactically~*~*~ (stealth).
   756 | D:2      | Noticed an orc priest
   757 | D:2      | 757 ||| Stepping ~*~*~tactically~*~*~ (hiding).
   762 | D:2      | Reached XP level 2. HP: 19/19 MP: 2/2
   765 | D:2      | Reached skill level 3 in Axes
   765 | D:2      | Reached XP level 3. HP: 11/23 MP: 3/3
   779 | D:2      | 779 ||| FLEEEEING.
   848 | D:2      | 848 ||| Stepping ~*~*~tactically~*~*~ (stealth).
   849 | D:2      | 849 ||| DROPPING +0 mace.
  1034 | D:2      | Found a runed translucent door.
  1035 | D:2      | Noticed Crazy Yiuf
  1105 | D:2      | Found a faded altar of an unknown god.
  1439 | D:2      | 1439 ||| UPGRADING to -1 pair of boots.
  1444 | D:2      | 1444 ||| DROPPING -3 cloak.
  1445 | D:2      | 1445 ||| UPGRADING to +1 cloak.
  1450 | D:2      | 1450 ||| READING scroll of enchant armour.
  1450 | D:2      | 1450 ||| ENCHANTING +1 cloak.
  1451 | D:2      | 1451 ||| DROPPING ring of positive energy.
  1735 | D:3      | 1735 ||| Stepping ~*~*~tactically~*~*~ (stealth).
  1749 | D:3      | 1749 ||| Stepping ~*~*~tactically~*~*~ (stealth).
  1757 | D:3      | Reached XP level 4. HP: 28/28 MP: 4/4
  2248 | D:3      | 2248 ||| UPGRADING to +0 plate armour.
  2258 | D:3      | 2258 ||| DROPPING +0 scale mail.
  2259 | D:3      | 2259 ||| READING scroll of enchant armour.
  2259 | D:3      | 2259 ||| ENCHANTING +0 plate armour.
  2260 | D:3      | 2260 ||| READING scroll labelled YGURPH CYINNI.
  2261 | D:3      | 2261 ||| READING scroll labelled ZADWELIERY.
  2262 | D:3      | 2262 ||| DRINKING 2 cyan potions.
  2428 | D:4      | Found a staircase to the Ecumenical Temple.
  2429 | D:4      | 2429 ||| PLANNING TEMPLE
  2429 | D:4      | 2429 ||| READING scroll labelled KILLACWUGA.
  2430 | D:4      | 2430 ||| READING 2 scrolls of identify.
  2430 | D:4      | 2430 ||| IDENTIFYING blue potion
  2437 | Temple   | Entered the Ecumenical Temple
  2553 | Temple   | 2553 ||| PLANNING OKAWARU WORSHIP
  2651 | Temple   | Became a worshipper of Warmaster Okawaru
  2651 | Temple   | 2651 ||| PLANNING D:1-11
  2752 | D:4      | 2752 ||| Stepping ~*~*~tactically~*~*~ (hiding).
  2754 | D:4      | 2754 ||| Stepping ~*~*~tactically~*~*~ (hiding).
  2968 | D:4      | Reached XP level 5. HP: 30/32 MP: 5/5
  3129 | D:4      | Found a burning altar of Makhleb.
  3130 | D:4      | Found a hide-covered altar of Uskayaw.
  3524 | D:4      | 3524 ||| UPGRADING to ring of see invisible.
  3526 | D:4      | 3526 ||| READING scroll labelled HUICLU ACEI.
  3529 | D:4      | 3529 ||| READING scroll labelled DAUK MIXITIRGH.
  3530 | D:4      | 3530 ||| READING scroll labelled CUZEDUIDDA.
  3531 | D:4      | 3531 ||| DRINKING 2 coppery potions.
  3532 | D:4      | 3532 ||| READING 2 scrolls of identify.
  3532 | D:4      | 3532 ||| IDENTIFYING murky brown potion
  3533 | D:4      | 3533 ||| DROPPING potion of berserk rage.
  3548 | D:5      | Entered Level 5 of the Dungeon
  3629 | D:5      | Reached skill level 4 in Fighting
  3629 | D:5      | Reached XP level 6. HP: 39/39 MP: 6/6
  3687 | D:5      | Found Wuwut's Weapon Shoppe.
  3688 | D:5      | Found Josoplu's Weapon Shoppe.
  3690 | D:5      | Noticed a black bear
  3699 | D:5      | Killed a black bear
  3699 | D:5      | Reached * piety under Okawaru
  3714 | D:5      | Found Zimneh Hamao's Antique Weapon Shoppe.
  3714 | D:5      | Noticed Grinder
  3720 | D:5      | 3720 ||| BUYING +0 war axe of draining (99 gold).
  3720 | D:5      | Bought a +0 war axe of draining for 99 gold pieces
  3720 | D:5      | 3720 ||| SHOPLISTING +5 hand axe of Baczub {pain, rPois rC+
                  | Will- Dex+5} (684 gold, have 190).
  3720 | D:5      | 3720 ||| SWAPPING to +0 war axe of draining.
  3754 | D:5      | Noticed Prince Ribbit
  3758 | D:5      | 3758 ||| INVOKING Heroism.
  3766 | D:5      | Killed Prince Ribbit
  3767 | D:5      | Reached skill level 6 in Axes
  3767 | D:5      | Reached XP level 7. HP: 26/44 MP: 4/7
  4074 | D:5      | Reached skill level 1 in Invocations
  4207 | D:5      | Noticed Edmund
  4208 | D:5      | 4208 ||| INVOKING Heroism.
  4214 | D:5      | Killed Edmund
  4250 | D:5      | Reached ** piety under Okawaru
  4261 | D:5      | 4261 ||| DROPPING +0 flail.
  4264 | D:5      | Noticed Duvessa
  4264 | D:5      | Noticed Dowan
  4265 | D:5      | 4265 ||| INVOKING Heroism.
  4272 | D:5      | Killed Duvessa
  4273 | D:5      | Reached skill level 3 in Invocations
  4273 | D:5      | Reached XP level 8. HP: 48/48 MP: 7/10
  4278 | D:5      | 4278 ||| INVOKING Heroism.
  4280 | D:5      | Killed Dowan
  4332 | D:5      | 4332 ||| READING scroll of enchant weapon.
  4332 | D:5      | 4332 ||| ENCHANTING +0 war axe of draining.
  4333 | D:5      | 4333 ||| DROPPING +1 war axe.
  4431 | D:5      | 4431 ||| READING scroll labelled IHE NUSANIMUN.
  4466 | D:5      | 4466 ||| READING 3 scrolls of identify.
  4466 | D:5      | 4466 ||| IDENTIFYING fuming grey potion
  4598 | D:5      | 4598 ||| INVOKING Heroism.
  4604 | D:5      | Killed Grinder
  4605 | D:5      | Reached skill level 5 in Fighting
  4697 | D:6      | 4697 ||| INVOKING Heroism.
  4710 | D:6      | Reached skill level 1 in Dodging
  4722 | D:6      | 4722 ||| FLEEEEING.
  4723 | D:6      | 4723 ||| FLEEEEING.
  4724 | D:6      | 4724 ||| STAIRDANCE
  4754 | D:6      | 4754 ||| READING scroll of enchant armour.
  4754 | D:6      | 4754 ||| ENCHANTING +1 plate armour.
  4778 | D:6      | 4778 ||| FLEEEEING.
  4779 | D:6      | 4779 ||| FLEEEEING.
  4780 | D:6      | 4780 ||| FLEEEEING.
  4780 | D:6      | Noticed a wyvern
  4781 | D:6      | 4781 ||| Stepping ~*~*~tactically~*~*~ (hiding).
  4782 | D:6      | 4782 ||| Stepping ~*~*~tactically~*~*~ (hiding).
  4794 | D:6      | 4794 ||| INVOKING Heroism.
  4800 | D:6      | Killed a wyvern
  4990 | D:6      | 4990 ||| STAIRDANCE
  4993 | D:5      | 4993 ||| BUYING runed flail (162 gold).
  4993 | D:5      | Bought a runed flail for 162 gold pieces
  4993 | D:5      | 4993 ||| DROPPING +1 flail of draining.
  5088 | D:6      | You fall into a shaft and drop 3 floors!
  5142 | D:9      | 5142 ||| UPGRADING to +0 pair of gloves.
  5147 | D:9      | 5147 ||| READING scroll labelled LYDA SIUKHLUB.
  5148 | D:9      | 5148 ||| READING 2 scrolls of identify.
  5148 | D:9      | 5148 ||| IDENTIFYING lumpy green potion
  5149 | D:9      | 5149 ||| DROPPING potion of flight.
  5233 | D:8      | Reached XP level 9. HP: 51/54 MP: 12/12
  5250 | D:8      | 5250 ||| INVOKING Heroism.
  5302 | D:7      | 5302 ||| INVOKING Heroism.
  5527 | D:7      | 5527 ||| Stepping ~*~*~tactically~*~*~ (hiding).
  5528 | D:7      | 5528 ||| Stepping ~*~*~tactically~*~*~ (hiding).
  5722 | D:6      | 5722 ||| READING 2 scrolls of identify.
  5722 | D:6      | 5722 ||| IDENTIFYING fuming blue potion
  5925 | D:7      | Found Cuerhep's Jewellery Emporium.
  5957 | D:7      | 5957 ||| SHOPLISTING +4 ring of protection (468 gold, have
                  | 256).
  5957 | D:7      | 5957 ||| SHOPLISTING amulet of faith (520 gold, have 256).
  5957 | D:7      | 5957 ||| SHOPLISTING ring "Nairac" {Fly rPois rF+ Str+2
                  | Slay+3} (682 gold, have 256).
  5957 | D:7      | 5957 ||| SHOPLISTING ring of protection from fire (325
                  | gold, have 256).
  5992 | D:7      | Reached *** piety under Okawaru
  6000 | D:7      | Reached skill level 6 in Fighting
  6151 | D:7      | 6151 ||| Stepping ~*~*~tactically~*~*~ (hiding).
  6157 | D:7      | 6157 ||| INVOKING Heroism.
  6163 | D:7      | Reached skill level 6 in Armour
  6218 | D:7      | 6218 ||| INVOKING Heroism.
  6219 | D:7      | 6219 ||| Stepping ~*~*~tactically~*~*~ (stealth).
  6566 | D:8      | Reached skill level 9 in Axes
  6919 | D:8      | 6919 ||| READING scroll labelled BEH HIUWICATER.
  6920 | D:8      | 6920 ||| DROPPING +1 war axe of freezing.
  6921 | D:8      | 6921 ||| READING 5 scrolls of identify.
  6921 | D:8      | 6921 ||| IDENTIFYING glowing yellow potion
  6922 | D:8      | 6922 ||| READING 4 scrolls of identify.
  6922 | D:8      | 6922 ||| IDENTIFYING golden potion
  6923 | D:8      | 6923 ||| DROPPING potion of ambrosia.
  6924 | D:8      | 6924 ||| DROPPING potion of degeneration.
  7133 | D:9      | 7133 ||| INVOKING Heroism.
  7145 | D:9      | Reached skill level 7 in Fighting
  7146 | D:9      | Reached XP level 10. HP: 21/63 MP: 13/13
  7190 | D:9      | 7190 ||| INVOKING Heroism.
  7207 | D:9      | 7207 ||| INVOKING Heroism.
  7231 | D:9      | 7231 ||| FLEEEEING.
  7232 | D:9      | 7232 ||| FLEEEEING.
  7235 | D:9      | 7235 ||| FLEEEEING.
  7236 | D:9      | 7236 ||| FLEEEEING.
  7237 | D:9      | 7237 ||| FLEEEEING.
  7238 | D:9      | 7238 ||| FLEEEEING.
  7239 | D:9      | 7239 ||| FLEEEEING.
  7240 | D:9      | 7240 ||| FLEEEEING.
  7241 | D:9      | 7241 ||| FLEEEEING.
  7242 | D:9      | 7242 ||| FLEEEEING.
  7243 | D:9      | 7243 ||| FLEEEEING.
  7244 | D:9      | 7244 ||| FLEEEEING.
  7245 | D:9      | 7245 ||| FLEEEEING.
  7246 | D:9      | 7246 ||| FLEEEEING.
  7247 | D:9      | 7247 ||| FLEEEEING.
  7248 | D:9      | 7248 ||| FLEEEEING.
  7249 | D:9      | 7249 ||| FLEEEEING.
  7250 | D:9      | 7250 ||| FLEEEEING.
  7251 | D:9      | 7251 ||| FLEEEEING.
  7252 | D:9      | 7252 ||| FLEEEEING.
  7253 | D:9      | 7253 ||| FLEEEEING.
  7254 | D:9      | 7254 ||| FLEEEEING.
  7255 | D:9      | 7255 ||| FLEEEEING.
  7256 | D:9      | 7256 ||| FLEEEEING.
  7257 | D:9      | 7257 ||| FLEEEEING.
  7258 | D:9      | 7258 ||| FLEEEEING.
  7259 | D:9      | 7259 ||| FLEEEEING.
  7260 | D:9      | 7260 ||| FLEEEEING.
  7261 | D:9      | 7261 ||| FLEEEEING.
  7262 | D:9      | 7262 ||| STAIRDANCE
  7384 | D:9      | 7384 ||| Stepping ~*~*~tactically~*~*~ (stealth).
  7386 | D:9      | 7386 ||| FLEEEEING.
  7387 | D:9      | 7387 ||| FLEEEEING.
  7393 | D:9      | 7393 ||| FLEEEEING.
  7394 | D:9      | 7394 ||| FLEEEEING.
  7395 | D:9      | 7395 ||| FLEEEEING.
  7396 | D:9      | 7396 ||| FLEEEEING.
  7397 | D:9      | 7397 ||| FLEEEEING.
  7398 | D:9      | 7398 ||| FLEEEEING.
  7399 | D:9      | 7399 ||| FLEEEEING.
  7401 | D:9      | 7401 ||| FLEEEEING.
  7407 | D:9      | 7407 ||| INVOKING Heroism.
  7635 | D:9      | 7635 ||| Stepping ~*~*~tactically~*~*~ (hiding).
  7814 | D:9      | 7814 ||| Stepping ~*~*~tactically~*~*~ (stealth).
  7823 | D:9      | 7823 ||| INVOKING Heroism.
  7843 | D:9      | 7843 ||| INVOKING Heroism.
  7859 | D:9      | 7859 ||| FLEEEEING.
  8006 | D:9      | Found a staircase to the Orcish Mines.
  8223 | D:10     | Entered Level 10 of the Dungeon
  8223 | D:10     | Found a flagged portal.
  8322 | D:10     | 8322 ||| Stepping ~*~*~tactically~*~*~ (stealth).
  8324 | D:10     | 8324 ||| Stepping ~*~*~tactically~*~*~ (stealth).
  8331 | D:10     | Reached skill level 8 in Fighting
  8342 | D:10     | 8342 ||| INVOKING Heroism.
  8343 | D:10     | 8343 ||| Stepping ~*~*~tactically~*~*~ (hiding).
  8371 | D:10     | Noticed an unseen horror
  8381 | D:10     | Killed an unseen horror
  8401 | D:10     | 8401 ||| INVOKING Heroism.
  8421 | D:10     | 8421 ||| Stepping ~*~*~tactically~*~*~ (stealth).
  8427 | D:10     | 8427 ||| FLEEEEING.
  8428 | D:10     | 8428 ||| FLEEEEING.
  8429 | D:10     | 8429 ||| FLEEEEING.
  8430 | D:10     | 8430 ||| FLEEEEING.
  8431 | D:10     | 8431 ||| FLEEEEING.
  8440 | D:10     | Reached **** piety under Okawaru
  8498 | D:10     | Found a blossoming altar of Fedhas.
  8682 | D:10     | Noticed a two-headed ogre
  8683 | D:10     | 8683 ||| INVOKING Heroism.
  8690 | D:10     | Killed a two-headed ogre
  8691 | D:10     | Reached XP level 11. HP: 61/68 MP: 12/15
  8718 | D:10     | 8718 ||| Stepping ~*~*~tactically~*~*~ (hiding).
  8719 | D:10     | 8719 ||| Stepping ~*~*~tactically~*~*~ (hiding).
  8725 | D:10     | 8725 ||| Stepping ~*~*~tactically~*~*~ (stealth).
  8791 | D:10     | 8791 ||| Stepping ~*~*~tactically~*~*~ (stealth).
  8822 | D:10     | 8822 ||| Stepping ~*~*~tactically~*~*~ (stealth).
  8824 | D:10     | Found a staircase to the Lair.
  8883 | D:10     | Identified the +4 glaive of Peace {speed, rElec rPois}
  8925 | D:10     | 8925 ||| INVOKING Heroism.
  8941 | D:10     | 8941 ||| READING scroll of enchant armour.
  8941 | D:10     | 8941 ||| ENCHANTING +0 pair of gloves.
  8989 | D:10     | Found a white marble altar of Elyvilon.
  8992 | D:10     | 8992 ||| Stepping ~*~*~tactically~*~*~ (stealth).
  9014 | D:10     | 9014 ||| INVOKING Heroism.
  9029 | D:10     | 9029 ||| FLEEEEING.
  9030 | D:10     | 9030 ||| FLEEEEING.
  9031 | D:10     | 9031 ||| FLEEEEING.
  9032 | D:10     | 9032 ||| FLEEEEING.
  9034 | D:10     | 9034 ||| INVOKING Heroism.
  9168 | D:10     | 9168 ||| Stepping ~*~*~tactically~*~*~ (hiding).
  9290 | D:10     | Noticed a two-headed ogre
  9291 | D:10     | 9291 ||| INVOKING Heroism.
  9299 | D:10     | Killed a two-headed ogre
  9430 | D:10     | Reached skill level 6 in Invocations
  9438 | D:10     | Noticed a soul eater
  9611 | D:10     | Noticed a two-headed ogre
  9614 | D:10     | 9614 ||| INVOKING Heroism.
  9623 | D:10     | Killed a two-headed ogre
  9678 | D:10     | Noticed a sun demon
  9678 | D:10     | 9678 ||| INVOKING Heroism.
  9683 | D:10     | 9683 ||| DRINKING potion of cancellation.
  9685 | D:10     | Noticed a sixfirhy
  9690 | D:10     | Gained mutation: Your spells are a little easier to cast,
                  | but a little less powerful. [a neqoxec]
  9841 | D:10     | 9841 ||| Stepping ~*~*~tactically~*~*~ (hiding).
  9842 | D:10     | 9842 ||| Stepping ~*~*~tactically~*~*~ (hiding).
  9843 | D:10     | 9843 ||| Stepping ~*~*~tactically~*~*~ (hiding).
  9868 | D:10     | 9868 ||| INVOKING Heroism.
 10128 | D:10     | 10128 ||| PLANNING LAIR
 10149 | Lair:1   | Entered Level 1 of the Lair of Beasts
 10156 | Lair:1   | Reached skill level 9 in Fighting
 10262 | Lair:1   | 10262 ||| FLEEEEING.
 10263 | Lair:1   | 10263 ||| FLEEEEING.
 10264 | Lair:1   | 10264 ||| FLEEEEING.
 10265 | Lair:1   | 10265 ||| INVOKING Heroism.
 10289 | Lair:1   | 10289 ||| INVOKING Heroism.
 10844 | Lair:1   | 10844 ||| INVOKING Heroism.
 10983 | Lair:2   | 10983 ||| INVOKING Heroism.
 11028 | Lair:2   | 11028 ||| Stepping ~*~*~tactically~*~*~ (stealth).
 11031 | Lair:2   | 11031 ||| Stepping ~*~*~tactically~*~*~ (stealth).
 11056 | Lair:2   | Reached XP level 12. HP: 64/76 MP: 18/18
 11137 | Lair:2   | Reached skill level 12 in Axes
 11238 | Lair:2   | 11238 ||| INVOKING Heroism.
 11246 | Lair:2   | Reached skill level 9 in Invocations
 11247 | Lair:2   | 11247 ||| Stepping ~*~*~tactically~*~*~ (hiding).
 11248 | Lair:2   | 11248 ||| Stepping ~*~*~tactically~*~*~ (hiding).
 11264 | Lair:2   | Reached ***** piety under Okawaru
 11268 | Lair:2   | Reached skill level 9 in Armour
 11274 | Lair:2   | 11274 ||| INVOKING Heroism.
 11293 | Lair:2   | 11293 ||| Stepping ~*~*~tactically~*~*~ (stealth).
 11301 | Lair:2   | 11301 ||| INVOKING Heroism.
 11479 | Lair:2   | Reached skill level 6 in Shields
 11488 | Lair:2   | 11488 ||| INVOKING Heroism.
 11754 | Lair:2   | 11754 ||| Stepping ~*~*~tactically~*~*~ (stealth).
 11759 | Lair:2   | 11759 ||| Stepping ~*~*~tactically~*~*~ (stealth).
 11769 | Lair:2   | 11769 ||| Stepping ~*~*~tactically~*~*~ (stealth).
 11773 | Lair:2   | 11773 ||| Stepping ~*~*~tactically~*~*~ (stealth).
 11779 | Lair:2   | Reached skill level 10 in Fighting
 11798 | Lair:2   | 11798 ||| INVOKING Heroism.
 11805 | Lair:2   | 11805 ||| Stepping ~*~*~tactically~*~*~ (water).
 11806 | Lair:2   | 11806 ||| Stepping ~*~*~tactically~*~*~ (water).
 11807 | Lair:2   | 11807 ||| Stepping ~*~*~tactically~*~*~ (water).
 11808 | Lair:2   | HP: 15/77 [water nymph/the raging water (19)]
 11809 | Lair:2   | 11809 ||| READING scroll of teleportation.
 11810 | Lair:2   | 11810 ||| DRINKING 2 potions of heal wounds.
 11973 | Lair:2   | 11973 ||| Stepping ~*~*~tactically~*~*~ (hiding).
 11975 | Lair:2   | 11975 ||| Stepping ~*~*~tactically~*~*~ (hiding).
 11976 | Lair:2   | 11976 ||| INVOKING Heroism.
 12328 | Lair:2   | Found a hole to the Spider Nest.
 12331 | Lair:2   | 12331 ||| DROPPING amulet of magic regeneration.
 12332 | Lair:2   | 12332 ||| DROPPING +6 ring of strength.
 12333 | Lair:2   | 12333 ||| DROPPING ring of willpower.
 12334 | Lair:2   | 12334 ||| READING scroll labelled EFUIQYDI EDES.
 12335 | Lair:2   | 12335 ||| READING scroll labelled WABITE NYLOVAA.
 12379 | Lair:3   | 12379 ||| Stepping ~*~*~tactically~*~*~ (stealth).
 12381 | Lair:3   | 12381 ||| INVOKING Heroism.
 12466 | Lair:3   | 12466 ||| Stepping ~*~*~tactically~*~*~ (stealth).
 12486 | Lair:3   | 12486 ||| INVOKING Heroism.
 12702 | Lair:3   | Noticed a death yak
 12702 | Lair:3   | Noticed a death yak
 12702 | Lair:3   | Noticed a death yak
 12702 | Lair:3   | Noticed a death yak
 12703 | Lair:3   | Noticed a death yak
 12703 | Lair:3   | 12703 ||| INVOKING Heroism.
 12703 | Lair:3   | Noticed a death yak
 12704 | Lair:3   | 12704 ||| INVOKING Finesse.
 12714 | Lair:3   | Killed a death yak
 12715 | Lair:3   | Reached XP level 13. HP: 59/82 MP: 13/20
 12924 | Lair:3   | 12924 ||| INVOKING Heroism.
 12925 | Lair:3   | 12925 ||| INVOKING Finesse.
 12929 | Lair:3   | 12929 ||| SWAPPING to +8 flail of protection.
 12935 | Lair:3   | 12935 ||| SWAPPING to +1 heavy war axe.
 12976 | Lair:3   | 12976 ||| Stepping ~*~*~tactically~*~*~ (stealth).
 12978 | Lair:3   | 12978 ||| Stepping ~*~*~tactically~*~*~ (hiding).
 12980 | Lair:3   | Noticed Nessos
 12981 | Lair:3   | 12981 ||| INVOKING Finesse.
 12984 | Lair:3   | Identified the +8 chain mail of Polytheism {rCorr Str+3}
                  | (Okawaru gifted it to you on level 3 of the Lair of Beasts)
 12984 | Lair:3   | Received a gift from Okawaru
 12998 | Lair:3   | Killed Nessos
 13064 | Lair:3   | 13064 ||| Stepping ~*~*~tactically~*~*~ (stealth).
 13325 | Lair:3   | 13325 ||| UPGRADING to +8 chain mail of Polytheism {rCorr
                  | Str+3}.
 13335 | Lair:3   | 13335 ||| DROPPING +2 plate armour.
 13336 | Lair:3   | 13336 ||| READING scroll labelled DEORAMN LOEPEX.
 13337 | Lair:3   | 13337 ||| READING scroll labelled BAPRAI XOIDAE.
 13401 | Lair:4   | 13401 ||| Stepping ~*~*~tactically~*~*~ (hiding).
 13567 | Lair:4   | 13567 ||| INVOKING Heroism.
 13741 | Lair:4   | 13741 ||| INVOKING Heroism.
 13742 | Lair:4   | 13742 ||| INVOKING Finesse.
 13745 | Lair:4   | 13745 ||| SWAPPING to +8 flail of protection.
 13753 | Lair:4   | 13753 ||| SWAPPING to +1 heavy war axe.
 13818 | Lair:4   | 13818 ||| Stepping ~*~*~tactically~*~*~ (hiding).
 14007 | Lair:4   | 14007 ||| Stepping ~*~*~tactically~*~*~ (hiding).
 14008 | Lair:4   | 14008 ||| Stepping ~*~*~tactically~*~*~ (hiding).
 14155 | Lair:4   | Identified the +0 robe of Iclipiab {+Blink Int+3}
 14361 | Lair:4   | Found a viscous altar of Jiyva.
 14361 | Lair:4   | Found a staircase to the Slime Pits.
 14743 | Lair:4   | 14743 ||| READING scroll labelled WACKUY FENOD.
 14844 | Lair:4   | 14844 ||| READING 12 scrolls of identify.
 14844 | Lair:4   | 14844 ||| IDENTIFYING grey potion
 14845 | Lair:4   | 14845 ||| READING 11 scrolls of identify.
 14845 | Lair:4   | 14845 ||| IDENTIFYING viscous orange potion
 14846 | Lair:4   | 14846 ||| READING 10 scrolls of identify.
 14846 | Lair:4   | 14846 ||| IDENTIFYING orange potion
 14847 | Lair:4   | 14847 ||| DROPPING potion of brilliance.
 14856 | Lair:5   | Entered Level 5 of the Lair of Beasts
 14857 | Lair:5   | 14857 ||| INVOKING Heroism.
 14874 | Lair:5   | Reached skill level 11 in Fighting
 14879 | Lair:5   | 14879 ||| STAIRDANCE
 14883 | Lair:4   | HP: 18/84 [death yak (12)]
 14884 | Lair:4   | 14884 ||| READING 3 scrolls of teleportation.
 14885 | Lair:4   | 14885 ||| DRINKING potion of heal wounds.
 15085 | Lair:5   | 15085 ||| INVOKING Heroism.
 15102 | Lair:5   | 15102 ||| Stepping ~*~*~tactically~*~*~ (stealth).
 15103 | Lair:5   | 15103 ||| Stepping ~*~*~tactically~*~*~ (stealth).
 15116 | Lair:5   | 15116 ||| Stepping ~*~*~tactically~*~*~ (stealth).
 15118 | Lair:5   | 15118 ||| Stepping ~*~*~tactically~*~*~ (stealth).
 15123 | Lair:5   | 15123 ||| Stepping ~*~*~tactically~*~*~ (stealth).
 15383 | Lair:5   | 15383 ||| INVOKING Heroism.
 15420 | Lair:5   | 15420 ||| INVOKING Heroism.
 15434 | Lair:5   | Reached skill level 15 in Axes
 15466 | Lair:5   | 15466 ||| INVOKING Heroism.
 15472 | Lair:5   | Reached skill level 3 in Dodging
 15472 | Lair:5   | Gained mutation: Your large and strong wings let you fly.
                  | [Gargoyle growth]
 15472 | Lair:5   | Reached XP level 14. HP: 90/90 MP: 19/21
 15518 | Lair:5   | 15518 ||| Stepping ~*~*~tactically~*~*~ (stealth).
 15602 | Lair:5   | 15602 ||| Stepping ~*~*~tactically~*~*~ (stealth).
 15606 | Lair:5   | 15606 ||| Stepping ~*~*~tactically~*~*~ (stealth).
 15752 | Lair:5   | Reached skill level 12 in Fighting
 15771 | Lair:5   | 15771 ||| Stepping ~*~*~tactically~*~*~ (stealth).
 15789 | Lair:5   | 15789 ||| FLEEEEING.
 15824 | Lair:5   | 15824 ||| Stepping ~*~*~tactically~*~*~ (stealth).
 15834 | Lair:5   | 15834 ||| INVOKING Heroism.
 15841 | Lair:5   | 15841 ||| INVOKING Finesse.
 15890 | Lair:5   | 15890 ||| READING scroll of enchant weapon.
 15890 | Lair:5   | 15890 ||| ENCHANTING +1 heavy war axe.
 15911 | Lair:5   | 15911 ||| Stepping ~*~*~tactically~*~*~ (hiding).
 15917 | Lair:5   | 15917 ||| INVOKING Heroism.
 15984 | Lair:5   | 15984 ||| Stepping ~*~*~tactically~*~*~ (stealth).
 15992 | Lair:5   | 15992 ||| INVOKING Heroism.
 16021 | Lair:5   | 16021 ||| Stepping ~*~*~tactically~*~*~ (stealth).
 16039 | Lair:5   | 16039 ||| INVOKING Heroism.
 16100 | Lair:5   | 16100 ||| INVOKING Heroism.
 16162 | Lair:5   | 16162 ||| Stepping ~*~*~tactically~*~*~ (stealth).
 16164 | Lair:5   | 16164 ||| Stepping ~*~*~tactically~*~*~ (stealth).
 16169 | Lair:5   | 16169 ||| INVOKING Heroism.
 16181 | Lair:5   | 16181 ||| SWAPPING to +8 flail of protection.
 16189 | Lair:5   | 16189 ||| SWAPPING to +2 heavy war axe.
 16281 | Lair:5   | 16281 ||| Stepping ~*~*~tactically~*~*~ (hiding).
 16283 | Lair:5   | 16283 ||| INVOKING Heroism.
 16478 | Lair:5   | 16478 ||| INVOKING Heroism.
 16480 | Lair:5   | 16480 ||| SWAPPING to +8 flail of protection.
 16492 | Lair:5   | 16492 ||| SWAPPING to +2 heavy war axe.
 16671 | Lair:5   | 16671 ||| PLANNING D:1-11
 16671 | Lair:5   | 16671 ||| UPGRADING to +0 helmet.
 16676 | Lair:5   | 16676 ||| READING 10 scrolls of identify.
 16676 | Lair:5   | 16676 ||| IDENTIFYING brown potion
 16677 | Lair:5   | 16677 ||| DROPPING potion of invisibility.
 16843 | D:11     | 16843 ||| INVOKING Heroism.
 16964 | D:11     | 16964 ||| Stepping ~*~*~tactically~*~*~ (hiding).
 16966 | D:11     | 16966 ||| Stepping ~*~*~tactically~*~*~ (hiding).
 17151 | D:11     | Found Toler's Mayhem Merchandise.
 17171 | D:11     | Noticed Urug
 17172 | D:11     | 17172 ||| INVOKING Heroism.
 17179 | D:11     | Killed Urug
 17182 | D:11     | 17182 ||| SWAPPING to +2 broad axe.
 17188 | D:11     | 17188 ||| DROPPING +2 heavy war axe.
 17285 | D:11     | 17285 ||| INVOKING Heroism.
 17293 | D:11     | Reached skill level 3 in Throwing
 17412 | D:11     | 17412 ||| INVOKING Heroism.
 17542 | D:11     | 17542 ||| INVOKING Heroism.
 17635 | D:11     | 17635 ||| READING scroll of brand weapon.
 17635 | D:11     | 17635 ||| BRANDING +2 broad axe.
 17672 | D:11     | 17672 ||| Stepping ~*~*~tactically~*~*~ (hiding).
 17673 | D:11     | 17673 ||| Stepping ~*~*~tactically~*~*~ (hiding).
 17924 | D:11     | 17924 ||| PLANNING D
 17958 | D:12     | 17958 ||| PLANNING GAUNTLET
 18027 | D:12     | Noticed Josephine
 18037 | D:12     | Killed Josephine
 18066 | D:12     | 18066 ||| Stepping ~*~*~tactically~*~*~ (hiding).
 18067 | D:12     | 18067 ||| Stepping ~*~*~tactically~*~*~ (hiding).
 18068 | D:12     | 18068 ||| Stepping ~*~*~tactically~*~*~ (hiding).
 18069 | D:12     | 18069 ||| Stepping ~*~*~tactically~*~*~ (hiding).
 18084 | D:12     | 18084 ||| Stepping ~*~*~tactically~*~*~ (stealth).
 18088 | D:12     | 18088 ||| INVOKING Heroism.
 18102 | D:12     | Found a gate leading to a gauntlet.
 18104 | D:12     | 18104 ||| Stepping ~*~*~tactically~*~*~ (stealth).
 18105 | D:12     | 18105 ||| Stepping ~*~*~tactically~*~*~ (stealth).
 18124 | Gauntlet | Entered a Gauntlet
 18124 | Gauntlet | Found a transporter.
 18133 | Gauntlet | Found a transporter.
 18152 | Gauntlet | Found a transporter.
 18154 | Gauntlet | Found a transporter.
 18175 | Gauntlet | Found a transporter.
 18188 | Gauntlet | Found a transporter.
 18198 | Gauntlet | Noticed a balrug
 18201 | Gauntlet | Found a transporter.
 18230 | Gauntlet | Found a transporter.
 18230 | Gauntlet | Found a transporter.
 18237 | Gauntlet | Found a transporter.
 18268 | Gauntlet | Found a transporter.
 18268 | Gauntlet | Found a transporter.
 18381 | Gauntlet | 18381 ||| UPGRADING to +0 pair of gloves of strength.
 18391 | Gauntlet | 18391 ||| DROPPING +1 pair of gloves.
 18405 | Gauntlet | 18405 ||| INVOKING Heroism.
 18423 | Gauntlet | Identified the +2 helmet of the Old and Reckless {Str-3
                  | Int+5}
 18428 | Gauntlet | 18428 ||| UPGRADING to +2 helmet of the Old and Reckless
                  | {Str-3 Int+5}.
 18438 | Gauntlet | 18438 ||| DROPPING +0 helmet.
 18483 | Gauntlet | Identified the +0 chain mail "Zeutsos" {+Inv Str+8 Int-2
                  | SInv}
 18484 | Gauntlet | 18484 ||| Stepping ~*~*~tactically~*~*~ (stealth).
 18485 | Gauntlet | 18485 ||| Stepping ~*~*~tactically~*~*~ (stealth).
 18487 | Gauntlet | 18487 ||| INVOKING Heroism.
 18563 | Gauntlet | 18563 ||| UPGRADING to +2 helmet.
 18573 | Gauntlet | 18573 ||| DROPPING +2 helmet of the Old and Reckless {Str-3
                  | Int+5}.
 18574 | Gauntlet | 18574 ||| DROPPING +1 cloak of stealth.
 18587 | D:12     | 18587 ||| PLANNING D
 18804 | D:12     | 18804 ||| Stepping ~*~*~tactically~*~*~ (stealth).
 18806 | D:12     | 18806 ||| Stepping ~*~*~tactically~*~*~ (hiding).
 18808 | D:12     | 18808 ||| Stepping ~*~*~tactically~*~*~ (hiding).
 19029 | D:13     | 19029 ||| INVOKING Heroism.
 19281 | D:13     | Reached skill level 6 in Throwing
 19420 | D:13     | Reached XP level 15. HP: 90/96 MP: 22/22
 19745 | D:13     | 19745 ||| INVOKING Heroism.
 19746 | D:13     | 19746 ||| READING 4 scrolls of teleportation.
 20072 | D:14     | 20072 ||| INVOKING Heroism.
 20087 | D:14     | Received a gift from Okawaru
 20092 | D:14     | 20092 ||| Stepping ~*~*~tactically~*~*~ (hiding).
 20146 | D:14     | 20146 ||| INVOKING Heroism.
 20164 | D:14     | 20164 ||| Stepping ~*~*~tactically~*~*~ (stealth).
 20289 | D:14     | Found a gate to the Vaults.
 20310 | D:14     | 20310 ||| INVOKING Heroism.
 20315 | D:14     | 20315 ||| Stepping ~*~*~tactically~*~*~ (hiding).
 20316 | D:14     | 20316 ||| Stepping ~*~*~tactically~*~*~ (hiding).
 20344 | D:14     | Received a gift from Okawaru
 20506 | D:14     | 20506 ||| INVOKING Heroism.
 20723 | D:14     | 20723 ||| Stepping ~*~*~tactically~*~*~ (hiding).
 20725 | D:14     | 20725 ||| Stepping ~*~*~tactically~*~*~ (hiding).
 20816 | D:14     | 20816 ||| Stepping ~*~*~tactically~*~*~ (hiding).
 20817 | D:14     | 20817 ||| Stepping ~*~*~tactically~*~*~ (hiding).
 21029 | D:14     | 21029 ||| INVOKING Heroism.
 21034 | D:14     | Received a gift from Okawaru
 21349 | D:14     | 21349 ||| Stepping ~*~*~tactically~*~*~ (hiding).
 21362 | D:14     | Reached skill level 13 in Fighting
 21495 | D:14     | 21495 ||| UPGRADING to +2 kite shield of protection.
 21505 | D:14     | 21505 ||| DROPPING +0 buckler.
 21506 | D:14     | 21506 ||| READING scroll labelled MAYVIE DOEKACO.
 21526 | D:15     | Entered Level 15 of the Dungeon
 21539 | D:15     | Found a staircase to the Depths.
 21543 | D:15     | Noticed an emperor scorpion
 21544 | D:15     | 21544 ||| INVOKING Heroism.
 21557 | D:15     | Killed an emperor scorpion
 21558 | D:15     | 21558 ||| SWAPPING to +8 flail of protection.
 21564 | D:15     | 21564 ||| SWAPPING to +2 broad axe of electrocution.
 21741 | D:15     | 21741 ||| INVOKING Heroism.
 21745 | D:15     | Reached skill level 9 in Shields
 21921 | D:15     | 21921 ||| Stepping ~*~*~tactically~*~*~ (hiding).
 21926 | D:15     | 21926 ||| INVOKING Heroism.
 22040 | D:15     | 22040 ||| Stepping ~*~*~tactically~*~*~ (hiding).
 22241 | D:15     | 22241 ||| Stepping ~*~*~tactically~*~*~ (hiding).
 22243 | D:15     | 22243 ||| Stepping ~*~*~tactically~*~*~ (hiding).
 22244 | D:15     | 22244 ||| Stepping ~*~*~tactically~*~*~ (hiding).
 22338 | D:15     | 22338 ||| INVOKING Heroism.
 22571 | D:15     | 22571 ||| INVOKING Heroism.
 22594 | D:15     | 22594 ||| READING scroll of enchant armour.
 22594 | D:15     | 22594 ||| ENCHANTING +0 pair of gloves of strength.
 22691 | D:15     | 22691 ||| INVOKING Heroism.
 22703 | D:15     | Received a gift from Okawaru
 22875 | D:15     | 22875 ||| PLANNING ORC
 22875 | D:15     | 22875 ||| DROPPING +0 pair of gloves of strength.
 23073 | Orc:1    | Entered Level 1 of the Orcish Mines
 23073 | Orc:1    | Noticed Jorgrun
 23074 | Orc:1    | 23074 ||| INVOKING Heroism.
 23083 | Orc:1    | Killed Jorgrun
 23083 | Orc:1    | Received a gift from Okawaru
 23170 | Orc:1    | 23170 ||| Stepping ~*~*~tactically~*~*~ (hiding).
 23171 | Orc:1    | 23171 ||| Stepping ~*~*~tactically~*~*~ (hiding).
 23172 | Orc:1    | 23172 ||| Stepping ~*~*~tactically~*~*~ (hiding).
 23178 | Orc:1    | 23178 ||| FLEEEEING.
 23179 | Orc:1    | 23179 ||| FLEEEEING.
 23180 | Orc:1    | 23180 ||| Stepping ~*~*~tactically~*~*~ (hiding).
 23182 | Orc:1    | 23182 ||| Stepping ~*~*~tactically~*~*~ (hiding).
 23183 | Orc:1    | 23183 ||| Stepping ~*~*~tactically~*~*~ (hiding).
 23184 | Orc:1    | 23184 ||| Stepping ~*~*~tactically~*~*~ (hiding).
 23266 | Orc:1    | 23266 ||| Stepping ~*~*~tactically~*~*~ (hiding).
 23392 | Orc:1    | 23392 ||| Stepping ~*~*~tactically~*~*~ (stealth).
 23394 | Orc:1    | 23394 ||| Stepping ~*~*~tactically~*~*~ (stealth).
 23413 | Orc:1    | 23413 ||| INVOKING Heroism.
 23567 | Orc:1    | Found Funy's Weapon Shoppe.
 23782 | Orc:2    | Entered Level 2 of the Orcish Mines
 23861 | Orc:2    | 23861 ||| INVOKING Heroism.
 23897 | Orc:2    | Reached XP level 16. HP: 28/104 MP: 23/23
 23913 | Orc:2    | 23913 ||| INVOKING Heroism.
 23923 | Orc:2    | HP: 20/104 [orc warrior/+0 trident (16)]
 23924 | Orc:2    | 23924 ||| READING 3 scrolls of teleportation.
 23925 | Orc:2    | 23925 ||| DRINKING 3 potions of heal wounds.
 24159 | Orc:2    | Found a staircase to the Elven Halls.
 24165 | Orc:2    | 24165 ||| INVOKING Heroism.
 24176 | Orc:2    | Reached skill level 12 in Shields
 24183 | Orc:2    | 24183 ||| Stepping ~*~*~tactically~*~*~ (hiding).
 24184 | Orc:2    | 24184 ||| Stepping ~*~*~tactically~*~*~ (hiding).
 24190 | Orc:2    | Paralysed by an orc sorcerer for 3 turns
 24201 | Orc:2    | 24201 ||| Stepping ~*~*~tactically~*~*~ (stealth).
 24204 | Orc:2    | 24204 ||| Stepping ~*~*~tactically~*~*~ (stealth).
 24211 | Orc:2    | 24211 ||| DRINKING 9 potions of curing.
 24211 | Orc:2    | 24211 ||| (to cure confusion)
 24272 | Orc:2    | Found Faosete's Antique Weapon Shoppe.
 24309 | Orc:2    | 24309 ||| DROPPING +8 flail of protection.
 24350 | Orc:2    | Found Usitacot's General Store.
 24357 | Orc:2    | 24357 ||| BUYING potion of curing (42 gold).
 24357 | Orc:2    | Bought a potion of curing for 42 gold pieces
 24357 | Orc:2    | 24357 ||| BUYING potion of curing (42 gold).
 24357 | Orc:2    | Bought a potion of curing for 42 gold pieces
 24357 | Orc:2    | 24357 ||| BUYING potion of resistance (140 gold).
 24357 | Orc:2    | Bought a potion of resistance for 140 gold pieces
 24357 | Orc:2    | 24357 ||| BUYING scroll of teleportation (42 gold).
 24357 | Orc:2    | Bought a scroll of teleportation for 42 gold pieces
 24506 | Orc:2    | 24506 ||| DRINKING 10 potions of curing.
 24506 | Orc:2    | 24506 ||| (to cure confusion)
 24693 | Orc:2    | Found Entih's Antique Armour Shoppe.
 24709 | Orc:2    | Found Ykkec's Jewellery Shoppe.
 24716 | Orc:2    | 24716 ||| BUYING amulet of the acrobat (390 gold).
 24716 | Orc:2    | Bought an amulet of the acrobat for 390 gold pieces
 24737 | Orc:2    | 24737 ||| PLANNING SHOALS:1-3
 24737 | Orc:2    | 24737 ||| UPGRADING to amulet of the acrobat.
 24742 | Orc:2    | 24742 ||| UPGRADING to +5 ring of evasion.
 24744 | Orc:2    | 24744 ||| DROPPING +4 ring of slaying {mikee}.
 24884 | Shoals:1 | Entered Level 1 of the Shoals
 24901 | Shoals:1 | 24901 ||| Stepping ~*~*~tactically~*~*~ (hiding).
 24903 | Shoals:1 | 24903 ||| Stepping ~*~*~tactically~*~*~ (hiding).
 24990 | Shoals:1 | 24990 ||| INVOKING Heroism.
 25003 | Shoals:1 | 25003 ||| Stepping ~*~*~tactically~*~*~ (hiding).
 25004 | Shoals:1 | 25004 ||| Stepping ~*~*~tactically~*~*~ (hiding).
 25022 | Shoals:1 | 25022 ||| INVOKING Heroism.
 25315 | Shoals:1 | Found Ramuu's Book Emporium.
 25582 | Shoals:1 | 25582 ||| INVOKING Heroism.
 25603 | Shoals:1 | 25603 ||| Stepping ~*~*~tactically~*~*~ (stealth).
 25626 | Shoals:1 | 25626 ||| Stepping ~*~*~tactically~*~*~ (stealth).
 25898 | Shoals:2 | Noticed Ilsuiw
 25899 | Shoals:2 | 25899 ||| INVOKING Heroism.
 25929 | Shoals:2 | Killed Ilsuiw
 25934 | Shoals:2 | 25934 ||| INVOKING Heroism.
 25936 | Shoals:2 | HP: 26/104 [manticore (4)]
 25937 | Shoals:2 | 25937 ||| READING 3 scrolls of teleportation.
 25998 | Shoals:2 | 25998 ||| INVOKING Heroism.
 26621 | Shoals:2 | 26621 ||| INVOKING Heroism.
 26769 | Shoals:2 | You are sucked into a shaft and drop 1 floor!
 26771 | Shoals:3 | 26771 ||| INVOKING Heroism.
 26831 | Shoals:3 | 26831 ||| INVOKING Heroism.
 26917 | Shoals:3 | 26917 ||| READING scroll of enchant armour.
 26917 | Shoals:3 | 26917 ||| ENCHANTING +1 pair of gloves of strength.
 26966 | Shoals:3 | Reached skill level 18 in Axes
 27011 | Shoals:2 | Noticed a kraken
 27022 | Shoals:2 | Killed a kraken
 27022 | Shoals:2 | Received a gift from Okawaru
 27042 | Shoals:2 | Noticed a kraken
 27043 | Shoals:2 | Noticed a kraken
 27061 | Shoals:2 | Killed a kraken
 27109 | Shoals:2 | Noticed a kraken
 27131 | Shoals:2 | Killed a kraken
 27156 | Shoals:2 | Received a gift from Okawaru
 27253 | Shoals:2 | Killed a kraken
 27276 | Shoals:2 | 27276 ||| Stepping ~*~*~tactically~*~*~ (hiding).
 27767 | Shoals:3 | 27767 ||| INVOKING Heroism.
 27776 | Shoals:3 | Reached skill level 14 in Fighting
 27845 | Shoals:3 | 27845 ||| READING scroll of brand weapon.
 27845 | Shoals:3 | 27845 ||| BRANDING +2 broad axe of electrocution.
 27967 | Shoals:3 | Reached XP level 17. HP: 111/111 MP: 24/24
 27970 | Shoals:3 | 27970 ||| INVOKING Heroism.
 28056 | Shoals:3 | Received a gift from Okawaru
 28196 | Shoals:3 | 28196 ||| INVOKING Heroism.
 28197 | Shoals:3 | 28197 ||| INVOKING Finesse.
 28536 | Shoals:3 | 28536 ||| PLANNING SPIDER:1-3
 28630 | Spider:1 | Entered Level 1 of the Spider Nest
 28772 | Spider:1 | 28772 ||| Stepping ~*~*~tactically~*~*~ (stealth).
 28782 | Spider:1 | 28782 ||| Stepping ~*~*~tactically~*~*~ (stealth).
 28834 | Spider:1 | Identified the +2 war axe of Fortitude {flame, rPois Dex+2}
                  | (Okawaru gifted it to you on level 1 of the Spider Nest)
 28834 | Spider:1 | Received a gift from Okawaru
 28874 | Spider:1 | 28874 ||| DROPPING +0 morningstar.
 28929 | Spider:1 | 28929 ||| INVOKING Heroism.
 29420 | Spider:2 | 29420 ||| Stepping ~*~*~tactically~*~*~ (stealth).
 29425 | Spider:2 | Reached skill level 12 in Armour
 29598 | Spider:2 | 29598 ||| Stepping ~*~*~tactically~*~*~ (hiding).
 29600 | Spider:2 | 29600 ||| Stepping ~*~*~tactically~*~*~ (hiding).
 29604 | Spider:2 | 29604 ||| Stepping ~*~*~tactically~*~*~ (stealth).
 29758 | Spider:2 | 29758 ||| Stepping ~*~*~tactically~*~*~ (hiding).
 29759 | Spider:2 | 29759 ||| Stepping ~*~*~tactically~*~*~ (hiding).
 29763 | Spider:2 | 29763 ||| Stepping ~*~*~tactically~*~*~ (hiding).
 29811 | Spider:2 | 29811 ||| Stepping ~*~*~tactically~*~*~ (hiding).
 29812 | Spider:2 | 29812 ||| Stepping ~*~*~tactically~*~*~ (hiding).
 29828 | Spider:2 | 29828 ||| Stepping ~*~*~tactically~*~*~ (stealth).
 29829 | Spider:2 | 29829 ||| Stepping ~*~*~tactically~*~*~ (stealth).
 29855 | Spider:2 | Received a gift from Okawaru
 30110 | Spider:2 | 30110 ||| Stepping ~*~*~tactically~*~*~ (hiding).
 30233 | Spider:3 | 30233 ||| Stepping ~*~*~tactically~*~*~ (stealth).
 30239 | Spider:3 | 30239 ||| INVOKING Finesse.
 30241 | Spider:3 | Reached skill level 15 in Fighting
 30305 | Spider:3 | 30305 ||| INVOKING Heroism.
 30309 | Spider:3 | Received a gift from Okawaru
 30311 | Spider:3 | 30311 ||| INVOKING Finesse.
 30374 | Spider:3 | 30374 ||| INVOKING Finesse.
 30384 | Spider:3 | 30384 ||| INVOKING Heroism.
 30647 | Spider:3 | 30647 ||| Stepping ~*~*~tactically~*~*~ (stealth).
 30652 | Spider:3 | 30652 ||| FLEEEEING.
 30654 | Spider:3 | 30654 ||| FLEEEEING.
 30655 | Spider:3 | 30655 ||| STAIRDANCE
 30832 | Spider:3 | Identified the +5 scale mail of Distant Worlds {Regen+
                  | Int+3}
 30863 | Spider:3 | 30863 ||| INVOKING Heroism.
 30881 | Spider:3 | 30881 ||| INVOKING Heroism.
 31173 | Spider:3 | 31173 ||| Stepping ~*~*~tactically~*~*~ (stealth).
 31175 | Spider:3 | 31175 ||| INVOKING Heroism.
 31202 | Spider:3 | Reached skill level 15 in Shields
 31410 | Spider:3 | 31410 ||| PLANNING SHOALS:4
 31410 | Spider:3 | 31410 ||| DROPPING scarf of harm.
 31411 | Spider:3 | 31411 ||| DROPPING ring of magical power.
 31568 | Shoals:4 | Entered Level 4 of the Shoals
 31571 | Shoals:4 | 31571 ||| INVOKING Heroism.
 31596 | Shoals:4 | HP: 14/113 [faun/sling bullet (17)]
 31597 | Shoals:4 | 31597 ||| READING 6 scrolls of teleportation.
 31598 | Shoals:4 | 31598 ||| DRINKING 6 potions of heal wounds.
 31600 | Shoals:4 | 31600 ||| INVOKING Heroism.
 31604 | Shoals:4 | Reached XP level 18. HP: 48/119 MP: 22/25
 31614 | Shoals:4 | HP: 22/120 [manticore/volley of spikes (18)]
 31615 | Shoals:4 | 31615 ||| READING 5 scrolls of teleportation.
 31616 | Shoals:4 | 31616 ||| DRINKING 5 potions of heal wounds.
 31621 | Shoals:4 | Received a gift from Okawaru
 31621 | Shoals:4 | HP: 27/120 [faun/+0 spear (12)]
 31622 | Shoals:4 | 31622 ||| READING 4 scrolls of teleportation.
 31623 | Shoals:4 | 31623 ||| DRINKING 4 potions of heal wounds.
 31628 | Shoals:4 | 31628 ||| INVOKING Heroism.
 31639 | Shoals:4 | Reached skill level 16 in Fighting
 31716 | Shoals:4 | 31716 ||| INVOKING Heroism.
 31868 | Shoals:4 | 31868 ||| DROPPING +2 war axe of Fortitude {flame, rPois
                  | Dex+2}.
 31892 | Shoals:4 | 31892 ||| Stepping ~*~*~tactically~*~*~ (stealth).
 31898 | Shoals:4 | 31898 ||| Stepping ~*~*~tactically~*~*~ (stealth).
 31900 | Shoals:4 | 31900 ||| Stepping ~*~*~tactically~*~*~ (hiding).
 31901 | Shoals:4 | 31901 ||| Stepping ~*~*~tactically~*~*~ (hiding).
 31927 | Shoals:4 | 31927 ||| INVOKING Heroism.
 31928 | Shoals:4 | 31928 ||| INVOKING Finesse.
 31937 | Shoals:4 | 31937 ||| Stepping ~*~*~tactically~*~*~ (hiding).
 31938 | Shoals:4 | 31938 ||| Stepping ~*~*~tactically~*~*~ (hiding).
 31939 | Shoals:4 | 31939 ||| Stepping ~*~*~tactically~*~*~ (hiding).
 31940 | Shoals:4 | 31940 ||| Stepping ~*~*~tactically~*~*~ (hiding).
 31989 | Shoals:4 | 31989 ||| Stepping ~*~*~tactically~*~*~ (hiding).
 31995 | Shoals:4 | 31995 ||| INVOKING Heroism.
 32000 | Shoals:4 | 32000 ||| Stepping ~*~*~tactically~*~*~ (hiding).
 32001 | Shoals:4 | 32001 ||| Stepping ~*~*~tactically~*~*~ (hiding).
 32009 | Shoals:4 | 32009 ||| Stepping ~*~*~tactically~*~*~ (hiding).
 32010 | Shoals:4 | 32010 ||| Stepping ~*~*~tactically~*~*~ (hiding).
 32059 | Shoals:4 | 32059 ||| FLEEEEING.
 32069 | Shoals:4 | 32069 ||| FLEEEEING.
 32158 | Shoals:4 | 32158 ||| Stepping ~*~*~tactically~*~*~ (hiding).
 32214 | Shoals:4 | 32214 ||| Stepping ~*~*~tactically~*~*~ (hiding).
 32220 | Shoals:4 | 32220 ||| INVOKING Heroism.
 32253 | Shoals:4 | 32253 ||| FLEEEEING.
 32255 | Shoals:4 | 32255 ||| FLEEEEING.
 32256 | Shoals:4 | 32256 ||| FLEEEEING.
 32257 | Shoals:4 | 32257 ||| FLEEEEING.
 32258 | Shoals:4 | 32258 ||| FLEEEEING.
 32259 | Shoals:4 | 32259 ||| STAIRDANCE
 32308 | Shoals:3 | 32308 ||| DROPPING +0 cloak of poison resistance.
 32325 | Shoals:4 | 32325 ||| Stepping ~*~*~tactically~*~*~ (hiding).
 32326 | Shoals:4 | 32326 ||| Stepping ~*~*~tactically~*~*~ (hiding).
 32372 | Shoals:4 | 32372 ||| INVOKING Heroism.
 32418 | Shoals:4 | Got a barnacled rune of Zot
 32705 | Shoals:4 | Found a runed translucent door.
 32716 | Shoals:4 | Noticed qw's ghost (adept GrFi)
 32836 | Shoals:4 | 32836 ||| INVOKING Heroism.
 32837 | Shoals:4 | 32837 ||| INVOKING Finesse.
 33040 | Shoals:4 | 33040 ||| PLANNING VAULTS:1-4
 33040 | Shoals:4 | 33040 ||| UPGRADING to +2 pair of boots of flying.
 33050 | Shoals:4 | 33050 ||| DROPPING -1 pair of boots.
 33293 | Vaults:1 | Entered Level 1 of the Vaults
 33336 | Vaults:1 | 33336 ||| Stepping ~*~*~tactically~*~*~ (stealth).
 33338 | Vaults:1 | 33338 ||| Stepping ~*~*~tactically~*~*~ (stealth).
 33357 | Vaults:1 | Found Ratashelu's Magic Scroll Shop.
 33381 | Vaults:1 | 33381 ||| BUYING scroll of enchant armour (120 gold).
 33381 | Vaults:1 | Bought a scroll of enchant armour for 120 gold pieces
 33381 | Vaults:1 | 33381 ||| BUYING scroll of teleportation (48 gold).
 33381 | Vaults:1 | Bought a scroll of teleportation for 48 gold pieces
 33381 | Vaults:1 | 33381 ||| BUYING scroll of teleportation (48 gold).
 33381 | Vaults:1 | Bought a scroll of teleportation for 48 gold pieces
 33436 | Vaults:1 | 33436 ||| Stepping ~*~*~tactically~*~*~ (stealth).
 33449 | Vaults:1 | 33449 ||| INVOKING Heroism.
 33860 | Vaults:1 | 33860 ||| Stepping ~*~*~tactically~*~*~ (hiding).
 34048 | Vaults:1 | Found Jamparo's General Store.
 34056 | Vaults:1 | 34056 ||| BUYING potion of cancellation (144 gold).
 34056 | Vaults:1 | Bought a potion of cancellation for 144 gold pieces
 34056 | Vaults:1 | 34056 ||| BUYING potion of heal wounds (90 gold).
 34056 | Vaults:1 | Bought a potion of heal wounds for 90 gold pieces
 34056 | Vaults:1 | 34056 ||| BUYING potion of lignification (54 gold).
 34056 | Vaults:1 | Bought a potion of lignification for 54 gold pieces
 34207 | Vaults:1 | Reached skill level 17 in Fighting
 34464 | Vaults:1 | Identified the +7 dagger of Precise Incision {antimagic,
                  | rF++ Str-5 Int+3} (Okawaru gifted it to you on level 1 of
                  | the Vaults)
 34464 | Vaults:1 | Received a gift from Okawaru
 34473 | Vaults:1 | Reached skill level 9 in Throwing
 34536 | Vaults:1 | 34536 ||| INVOKING Heroism.
 34696 | Vaults:1 | 34696 ||| Stepping ~*~*~tactically~*~*~ (hiding).
 34705 | Vaults:1 | Reached XP level 19. HP: 91/128 MP: 26/26
 34862 | Vaults:1 | Found Hoosoet's General Store.
 34870 | Vaults:1 | 34870 ||| BUYING 3 scrolls of teleportation (117 gold).
 34870 | Vaults:1 | Bought 3 scrolls of teleportation for 117 gold pieces
 34870 | Vaults:1 | 34870 ||| BUYING potion of cancellation (104 gold).
 34870 | Vaults:1 | Bought a potion of cancellation for 104 gold pieces
 34885 | Vaults:1 | 34885 ||| READING 3 scrolls of brand weapon.
 34885 | Vaults:1 | 34885 ||| BRANDING +2 heavy broad axe.
 34940 | Vaults:2 | 34940 ||| Stepping ~*~*~tactically~*~*~ (hiding).
 34941 | Vaults:2 | 34941 ||| Stepping ~*~*~tactically~*~*~ (hiding).
 34946 | Vaults:2 | 34946 ||| INVOKING Heroism.
 34983 | Vaults:2 | 34983 ||| Stepping ~*~*~tactically~*~*~ (stealth).
 34985 | Vaults:2 | 34985 ||| Stepping ~*~*~tactically~*~*~ (stealth).
 34989 | Vaults:2 | Identified the staff of death "Foodunu" {rN+ Str+4}
 35003 | Vaults:2 | Received a gift from Okawaru
 35005 | Vaults:2 | 35005 ||| FLEEEEING.
 35060 | Vaults:2 | 35060 ||| Stepping ~*~*~tactically~*~*~ (hiding).
 35066 | Vaults:2 | 35066 ||| INVOKING Heroism.
 35112 | Vaults:2 | 35112 ||| FLEEEEING.
 35539 | Vaults:2 | 35539 ||| INVOKING Heroism.
 35544 | Vaults:2 | Received a gift from Okawaru
 35717 | Vaults:2 | 35717 ||| FLEEEEING.
 35718 | Vaults:2 | 35718 ||| FLEEEEING.
 35719 | Vaults:2 | 35719 ||| FLEEEEING.
 35720 | Vaults:2 | 35720 ||| FLEEEEING.
 35722 | Vaults:2 | 35722 ||| STAIRDANCE
 35788 | Vaults:1 | 35788 ||| DROPPING +1 hat.
 35789 | Vaults:1 | 35789 ||| DROPPING +0 pair of gloves of stealth.
 35794 | Vaults:2 | 35794 ||| INVOKING Heroism.
 35795 | Vaults:2 | 35795 ||| INVOKING Finesse.
 35886 | Vaults:2 | 35886 ||| FLEEEEING.
 35888 | Vaults:2 | 35888 ||| FLEEEEING.
 35889 | Vaults:2 | 35889 ||| FLEEEEING.
 35890 | Vaults:2 | 35890 ||| FLEEEEING.
 35891 | Vaults:2 | 35891 ||| STAIRDANCE
 35996 | Vaults:2 | 35996 ||| STAIRDANCE
 36104 | Vaults:2 | 36104 ||| STAIRDANCE
 36214 | Vaults:2 | 36214 ||| STAIRDANCE
 36325 | Vaults:2 | 36325 ||| STAIRDANCE
 36524 | Vaults:2 | Noticed Boris
 36525 | Vaults:2 | 36525 ||| INVOKING Heroism.
 36526 | Vaults:2 | 36526 ||| INVOKING Finesse.
 36530 | Vaults:2 | Killed Boris
 36531 | Vaults:2 | Reached skill level 18 in Fighting
 36585 | Vaults:2 | 36585 ||| INVOKING Heroism.
 36586 | Vaults:2 | 36586 ||| INVOKING Finesse.
 36593 | Vaults:2 | 36593 ||| Stepping ~*~*~tactically~*~*~ (hiding).
 36597 | Vaults:2 | 36597 ||| FLEEEEING.
 36598 | Vaults:2 | 36598 ||| Stepping ~*~*~tactically~*~*~ (hiding).
 36599 | Vaults:2 | 36599 ||| FLEEEEING.
 36602 | Vaults:2 | 36602 ||| FLEEEEING.
 36610 | Vaults:2 | HP: 29/130 [deep troll[an ironbound preserver] (10)]
 36611 | Vaults:2 | 36611 ||| READING 9 scrolls of teleportation.
 36612 | Vaults:2 | 36612 ||| DRINKING 4 potions of heal wounds.
 36618 | Vaults:2 | 36618 ||| Stepping ~*~*~tactically~*~*~ (hiding).
 36673 | Vaults:2 | 36673 ||| INVOKING Heroism.
 36680 | Vaults:2 | HP: 31/130 [orc warlord/+2 war axe of electrocution (7)]
 36681 | Vaults:2 | 36681 ||| READING 8 scrolls of teleportation.
 36682 | Vaults:2 | 36682 ||| DRINKING 3 potions of heal wounds.
 36690 | Vaults:2 | 36690 ||| Stepping ~*~*~tactically~*~*~ (hiding).
 36709 | Vaults:2 | 36709 ||| INVOKING Heroism.
 36918 | Vaults:2 | 36918 ||| Stepping ~*~*~tactically~*~*~ (stealth).
 36921 | Vaults:2 | 36921 ||| Stepping ~*~*~tactically~*~*~ (stealth).
 37040 | Vaults:2 | 37040 ||| Stepping ~*~*~tactically~*~*~ (stealth).
 37052 | Vaults:2 | Reached skill level 15 in Armour
 37058 | Vaults:2 | 37058 ||| FLEEEEING.
 37059 | Vaults:2 | 37059 ||| FLEEEEING.
 37060 | Vaults:2 | 37060 ||| FLEEEEING.
 37061 | Vaults:2 | 37061 ||| FLEEEEING.
 37062 | Vaults:2 | 37062 ||| FLEEEEING.
 37063 | Vaults:2 | 37063 ||| FLEEEEING.
 37064 | Vaults:2 | 37064 ||| FLEEEEING.
 37065 | Vaults:2 | 37065 ||| FLEEEEING.
 37066 | Vaults:2 | 37066 ||| FLEEEEING.
 37067 | Vaults:2 | 37067 ||| FLEEEEING.
 37068 | Vaults:2 | 37068 ||| FLEEEEING.
 37069 | Vaults:2 | 37069 ||| FLEEEEING.
 37070 | Vaults:2 | 37070 ||| FLEEEEING.
 37071 | Vaults:2 | 37071 ||| FLEEEEING.
 37072 | Vaults:2 | 37072 ||| FLEEEEING.
 37073 | Vaults:2 | 37073 ||| FLEEEEING.
 37074 | Vaults:2 | 37074 ||| FLEEEEING.
 37075 | Vaults:2 | 37075 ||| FLEEEEING.
 37076 | Vaults:2 | 37076 ||| FLEEEEING.
 37077 | Vaults:2 | 37077 ||| FLEEEEING.
 37078 | Vaults:2 | 37078 ||| FLEEEEING.
 37079 | Vaults:2 | 37079 ||| FLEEEEING.
 37080 | Vaults:2 | 37080 ||| FLEEEEING.
 37082 | Vaults:2 | 37082 ||| FLEEEEING.
 37083 | Vaults:2 | 37083 ||| FLEEEEING.
 37084 | Vaults:2 | 37084 ||| FLEEEEING.
 37085 | Vaults:2 | 37085 ||| FLEEEEING.
 37086 | Vaults:2 | 37086 ||| FLEEEEING.
 37087 | Vaults:2 | 37087 ||| FLEEEEING.
 37089 | Vaults:2 | 37089 ||| FLEEEEING.
 37090 | Vaults:2 | 37090 ||| FLEEEEING.
 37091 | Vaults:2 | 37091 ||| FLEEEEING.
 37092 | Vaults:2 | 37092 ||| FLEEEEING.
 37093 | Vaults:2 | 37093 ||| FLEEEEING.
 37094 | Vaults:2 | 37094 ||| FLEEEEING.
 37095 | Vaults:2 | 37095 ||| FLEEEEING.
 37096 | Vaults:2 | 37096 ||| FLEEEEING.
 37097 | Vaults:2 | 37097 ||| FLEEEEING.
 37098 | Vaults:2 | 37098 ||| FLEEEEING.
 37160 | Vaults:2 | 37160 ||| Stepping ~*~*~tactically~*~*~ (stealth).
 37162 | Vaults:2 | 37162 ||| Stepping ~*~*~tactically~*~*~ (stealth).
 37165 | Vaults:2 | 37165 ||| Stepping ~*~*~tactically~*~*~ (stealth).
 37428 | Vaults:2 | 37428 ||| INVOKING Heroism.
 37656 | Vaults:2 | Found Jegrik's Armour Shoppe.
 37701 | Vaults:2 | 37701 ||| INVOKING Heroism.
 37928 | Vaults:2 | 37928 ||| INVOKING Heroism.
 37965 | Vaults:2 | Reached skill level 19 in Fighting
 37977 | Vaults:2 | 37977 ||| FLEEEEING.
 37978 | Vaults:2 | 37978 ||| FLEEEEING.
 37979 | Vaults:2 | 37979 ||| FLEEEEING.
 37980 | Vaults:2 | 37980 ||| FLEEEEING.
 37981 | Vaults:2 | 37981 ||| FLEEEEING.
 37982 | Vaults:2 | 37982 ||| FLEEEEING.
 37983 | Vaults:2 | 37983 ||| FLEEEEING.
 37984 | Vaults:2 | 37984 ||| FLEEEEING.
 37985 | Vaults:2 | 37985 ||| FLEEEEING.
 37986 | Vaults:2 | 37986 ||| FLEEEEING.
 37987 | Vaults:2 | 37987 ||| FLEEEEING.
 37989 | Vaults:2 | 37989 ||| FLEEEEING.
 37990 | Vaults:2 | 37990 ||| FLEEEEING.
 37991 | Vaults:2 | 37991 ||| FLEEEEING.
 37992 | Vaults:2 | 37992 ||| FLEEEEING.
 37993 | Vaults:2 | 37993 ||| FLEEEEING.
 37994 | Vaults:2 | 37994 ||| FLEEEEING.
 37995 | Vaults:2 | 37995 ||| FLEEEEING.
 37996 | Vaults:2 | 37996 ||| FLEEEEING.
 37997 | Vaults:2 | 37997 ||| FLEEEEING.
 37998 | Vaults:2 | 37998 ||| FLEEEEING.
 37999 | Vaults:2 | 37999 ||| FLEEEEING.
 38000 | Vaults:2 | 38000 ||| FLEEEEING.
 38006 | Vaults:2 | 38006 ||| FLEEEEING.
 38007 | Vaults:2 | 38007 ||| FLEEEEING.
 38092 | Vaults:2 | 38092 ||| INVOKING Heroism.
 38098 | Vaults:2 | 38098 ||| Stepping ~*~*~tactically~*~*~ (hiding).
 38105 | Vaults:2 | Reached XP level 20. HP: 139/139 MP: 27/27
 38266 | Vaults:2 | 38266 ||| FLEEEEING.
 38267 | Vaults:2 | 38267 ||| FLEEEEING.
 38268 | Vaults:2 | 38268 ||| FLEEEEING.
 38269 | Vaults:2 | 38269 ||| FLEEEEING.
 38270 | Vaults:2 | 38270 ||| FLEEEEING.
 38271 | Vaults:2 | 38271 ||| FLEEEEING.
 38272 | Vaults:2 | 38272 ||| FLEEEEING.
 38273 | Vaults:2 | 38273 ||| FLEEEEING.
 38274 | Vaults:2 | 38274 ||| FLEEEEING.
 38275 | Vaults:2 | 38275 ||| FLEEEEING.
 38276 | Vaults:2 | 38276 ||| FLEEEEING.
 38277 | Vaults:2 | 38277 ||| FLEEEEING.
 38278 | Vaults:2 | 38278 ||| FLEEEEING.
 38279 | Vaults:2 | 38279 ||| FLEEEEING.
 38280 | Vaults:2 | 38280 ||| FLEEEEING.
 38281 | Vaults:2 | 38281 ||| FLEEEEING.
 38282 | Vaults:2 | 38282 ||| FLEEEEING.
 38283 | Vaults:2 | 38283 ||| FLEEEEING.
 38284 | Vaults:2 | 38284 ||| FLEEEEING.
 38285 | Vaults:2 | 38285 ||| FLEEEEING.
 38286 | Vaults:2 | 38286 ||| FLEEEEING.
 38288 | Vaults:2 | 38288 ||| FLEEEEING.
 38289 | Vaults:2 | 38289 ||| FLEEEEING.
 38290 | Vaults:2 | 38290 ||| FLEEEEING.
 38292 | Vaults:2 | 38292 ||| FLEEEEING.
 38293 | Vaults:2 | 38293 ||| FLEEEEING.
 38294 | Vaults:2 | 38294 ||| FLEEEEING.
 38583 | Vaults:2 | 38583 ||| UPGRADING to +0 tower shield.
 38593 | Vaults:2 | 38593 ||| DROPPING +2 kite shield of protection.
 38627 | Vaults:3 | 38627 ||| Stepping ~*~*~tactically~*~*~ (stealth).
 38630 | Vaults:3 | Received a gift from Okawaru
 38632 | Vaults:3 | 38632 ||| Stepping ~*~*~tactically~*~*~ (hiding).
 38634 | Vaults:3 | 38634 ||| Stepping ~*~*~tactically~*~*~ (hiding).
 38645 | Vaults:3 | 38645 ||| INVOKING Heroism.
 38701 | Vaults:3 | 38701 ||| Stepping ~*~*~tactically~*~*~ (hiding).
 38709 | Vaults:3 | 38709 ||| INVOKING Heroism.
 38880 | Abyss:2  | Cast into level 2 of the Abyss (a wizard)
 38927 | Abyss:2  | 38927 ||| INVOKING Heroism.
 38935 | Abyss:2  | HP: 25/139 [Hell Sentinel (10)]
 38936 | Abyss:2  | 38936 ||| READING 7 scrolls of teleportation.
 38937 | Abyss:2  | 38937 ||| DRINKING 3 potions of heal wounds.
 38988 | Abyss:2  | 38988 ||| INVOKING Heroism.
 39009 | Abyss:2  | 39009 ||| Stepping ~*~*~tactically~*~*~ (stealth).
 39023 | Abyss:2  | 39023 ||| Stepping ~*~*~tactically~*~*~ (stealth).
 39064 | Abyss:2  | 39064 ||| Stepping ~*~*~tactically~*~*~ (stealth).
 39109 | Abyss:2  | 39109 ||| Stepping ~*~*~tactically~*~*~ (stealth).
 39110 | Abyss:2  | 39110 ||| Stepping ~*~*~tactically~*~*~ (stealth).
 39111 | Abyss:2  | 39111 ||| Stepping ~*~*~tactically~*~*~ (stealth).
 39111 | Abyss:2  | Found a corrupted altar of Lugonu.
 39130 | Abyss:2  | 39130 ||| Stepping ~*~*~tactically~*~*~ (stealth).
 39132 | Abyss:2  | 39132 ||| Stepping ~*~*~tactically~*~*~ (stealth).
 39133 | Abyss:2  | 39133 ||| Stepping ~*~*~tactically~*~*~ (stealth).
 39134 | Abyss:2  | 39134 ||| Stepping ~*~*~tactically~*~*~ (stealth).
 39138 | Abyss:2  | 39138 ||| Stepping ~*~*~tactically~*~*~ (stealth).
 39139 | Abyss:2  | 39139 ||| Stepping ~*~*~tactically~*~*~ (stealth).
 39144 | Abyss:2  | 39144 ||| Stepping ~*~*~tactically~*~*~ (stealth).
 39146 | Abyss:2  | Received a gift from Okawaru
 39153 | Abyss:2  | 39153 ||| Stepping ~*~*~tactically~*~*~ (stealth).
 39154 | Abyss:2  | 39154 ||| Stepping ~*~*~tactically~*~*~ (stealth).
 39189 | Abyss:2  | 39189 ||| Stepping ~*~*~tactically~*~*~ (stealth).
 39196 | Abyss:2  | 39196 ||| Stepping ~*~*~tactically~*~*~ (stealth).
 39217 | Abyss:2  | 39217 ||| Stepping ~*~*~tactically~*~*~ (hiding).
 39241 | Abyss:2  | 39241 ||| Stepping ~*~*~tactically~*~*~ (hiding).
 39261 | Abyss:2  | Noticed a bone dragon
 39273 | Abyss:2  | 39273 ||| INVOKING Heroism.
 39274 | Abyss:2  | Killed a bone dragon
 39312 | Abyss:2  | 39312 ||| Stepping ~*~*~tactically~*~*~ (stealth).
 39324 | Abyss:2  | 39324 ||| Stepping ~*~*~tactically~*~*~ (stealth).
 39365 | Abyss:2  | 39365 ||| Stepping ~*~*~tactically~*~*~ (stealth).
 39367 | Abyss:2  | 39367 ||| Stepping ~*~*~tactically~*~*~ (stealth).
 39369 | Abyss:2  | 39369 ||| Stepping ~*~*~tactically~*~*~ (stealth).
 39370 | Abyss:2  | 39370 ||| Stepping ~*~*~tactically~*~*~ (stealth).
 39376 | Abyss:2  | 39376 ||| Stepping ~*~*~tactically~*~*~ (stealth).
 39378 | Abyss:2  | 39378 ||| Stepping ~*~*~tactically~*~*~ (stealth).
 39401 | Abyss:2  | 39401 ||| Stepping ~*~*~tactically~*~*~ (stealth).
 39405 | Abyss:2  | 39405 ||| Stepping ~*~*~tactically~*~*~ (stealth).
 39406 | Abyss:2  | 39406 ||| Stepping ~*~*~tactically~*~*~ (stealth).
 39419 | Abyss:2  | 39419 ||| Stepping ~*~*~tactically~*~*~ (hiding).
 39426 | Abyss:2  | Received a gift from Okawaru
 39430 | Abyss:2  | 39430 ||| Stepping ~*~*~tactically~*~*~ (stealth).
 39437 | Abyss:2  | Reached skill level 18 in Shields
 39442 | Abyss:2  | Noticed a bone dragon
 39443 | Abyss:2  | 39443 ||| Stepping ~*~*~tactically~*~*~ (stealth).
 39462 | Abyss:2  | Killed a bone dragon
 39488 | Abyss:2  | 39488 ||| Stepping ~*~*~tactically~*~*~ (stealth).
 39489 | Abyss:2  | 39489 ||| Stepping ~*~*~tactically~*~*~ (hiding).
 39490 | Abyss:2  | 39490 ||| Stepping ~*~*~tactically~*~*~ (hiding).
 39491 | Abyss:2  | 39491 ||| Stepping ~*~*~tactically~*~*~ (hiding).
 39515 | Vaults:3 | Escaped the Abyss
 39664 | Vaults:3 | 39664 ||| Stepping ~*~*~tactically~*~*~ (stealth).
 39686 | Vaults:3 | 39686 ||| Stepping ~*~*~tactically~*~*~ (stealth).
 39689 | Vaults:3 | 39689 ||| Stepping ~*~*~tactically~*~*~ (stealth).
 39690 | Vaults:3 | 39690 ||| Stepping ~*~*~tactically~*~*~ (stealth).
 39914 | Vaults:3 | 39914 ||| UPGRADING to amulet of faith.
 39927 | Vaults:3 | Received a gift from Okawaru
 39936 | Vaults:3 | 39936 ||| INVOKING Heroism.
 40023 | Vaults:3 | 40023 ||| FLEEEEING.
 40031 | Vaults:3 | 40031 ||| STAIRDANCE
 40185 | Vaults:3 | 40185 ||| Stepping ~*~*~tactically~*~*~ (stealth).
 40187 | Vaults:3 | 40187 ||| Stepping ~*~*~tactically~*~*~ (stealth).
 40189 | Vaults:3 | 40189 ||| Stepping ~*~*~tactically~*~*~ (stealth).
 40220 | Vaults:3 | Paralysed by a great orb of eyes for 5 turns
 40228 | Vaults:3 | Received a gift from Okawaru
 40249 | Vaults:3 | 40249 ||| FLEEEEING.
 40252 | Vaults:3 | 40252 ||| FLEEEEING.
 40254 | Vaults:3 | 40254 ||| Stepping ~*~*~tactically~*~*~ (hiding).
 40382 | Vaults:3 | Noticed Nikola
 40387 | Vaults:3 | 40387 ||| INVOKING Heroism.
 40394 | Vaults:3 | Killed Nikola
 40400 | Vaults:3 | 40400 ||| FLEEEEING.
 40401 | Vaults:3 | 40401 ||| FLEEEEING.
 40412 | Vaults:3 | 40412 ||| FLEEEEING.
 40413 | Vaults:3 | 40413 ||| FLEEEEING.
 40414 | Vaults:3 | 40414 ||| FLEEEEING.
 40416 | Vaults:3 | 40416 ||| FLEEEEING.
 40428 | Vaults:3 | 40428 ||| FLEEEEING.
 40429 | Vaults:3 | 40429 ||| FLEEEEING.
 40430 | Vaults:3 | 40430 ||| FLEEEEING.
 40431 | Vaults:3 | 40431 ||| FLEEEEING.
 40432 | Vaults:3 | 40432 ||| FLEEEEING.
 40434 | Vaults:3 | 40434 ||| FLEEEEING.
 40435 | Vaults:3 | 40435 ||| FLEEEEING.
 40436 | Vaults:3 | 40436 ||| FLEEEEING.
 40437 | Vaults:3 | 40437 ||| FLEEEEING.
 40438 | Vaults:3 | 40438 ||| FLEEEEING.
 40439 | Vaults:3 | 40439 ||| FLEEEEING.
 40440 | Vaults:3 | 40440 ||| FLEEEEING.
 40441 | Vaults:3 | 40441 ||| FLEEEEING.
 40442 | Vaults:3 | 40442 ||| FLEEEEING.
 40443 | Vaults:3 | 40443 ||| FLEEEEING.
 40447 | Vaults:3 | 40447 ||| FLEEEEING.
 40450 | Vaults:3 | 40450 ||| FLEEEEING.
 40451 | Vaults:3 | 40451 ||| FLEEEEING.
 40452 | Vaults:3 | 40452 ||| FLEEEEING.
 40453 | Vaults:3 | 40453 ||| FLEEEEING.
 40454 | Vaults:3 | 40454 ||| FLEEEEING.
 40455 | Vaults:3 | 40455 ||| STAIRDANCE
 40679 | Vaults:2 | 40679 ||| DROPPING +3 plate armour of positive energy.
 40682 | Vaults:3 | 40682 ||| Stepping ~*~*~tactically~*~*~ (hiding).
 40771 | Vaults:3 | 40771 ||| Stepping ~*~*~tactically~*~*~ (stealth).
 40773 | Vaults:3 | 40773 ||| Stepping ~*~*~tactically~*~*~ (hiding).
 40788 | Vaults:3 | 40788 ||| INVOKING Heroism.
 40832 | Vaults:3 | 40832 ||| Stepping ~*~*~tactically~*~*~ (stealth).
 40833 | Vaults:3 | 40833 ||| Stepping ~*~*~tactically~*~*~ (stealth).
 40834 | Vaults:3 | 40834 ||| Stepping ~*~*~tactically~*~*~ (stealth).
 40835 | Vaults:3 | 40835 ||| Stepping ~*~*~tactically~*~*~ (stealth).
 40836 | Vaults:3 | 40836 ||| Stepping ~*~*~tactically~*~*~ (stealth).
 40838 | Vaults:3 | 40838 ||| Stepping ~*~*~tactically~*~*~ (stealth).
 40844 | Vaults:3 | 40844 ||| INVOKING Heroism.
 40971 | Vaults:3 | 40971 ||| Stepping ~*~*~tactically~*~*~ (stealth).
 40979 | Vaults:3 | 40979 ||| Stepping ~*~*~tactically~*~*~ (stealth).
 40981 | Vaults:3 | 40981 ||| FLEEEEING.
 40983 | Vaults:3 | 40983 ||| FLEEEEING.
 40985 | Vaults:3 | 40985 ||| FLEEEEING.
 40987 | Vaults:3 | 40987 ||| FLEEEEING.
 40988 | Vaults:3 | 40988 ||| FLEEEEING.
 40991 | Vaults:3 | 40991 ||| FLEEEEING.
 40998 | Vaults:3 | 40998 ||| FLEEEEING.
 40999 | Vaults:3 | 40999 ||| FLEEEEING.
 41000 | Vaults:3 | 41000 ||| FLEEEEING.
 41001 | Vaults:3 | 41001 ||| FLEEEEING.
 41002 | Vaults:3 | 41002 ||| FLEEEEING.
 41004 | Vaults:3 | 41004 ||| FLEEEEING.
 41005 | Vaults:3 | 41005 ||| FLEEEEING.
 41006 | Vaults:3 | 41006 ||| FLEEEEING.
 41007 | Vaults:3 | 41007 ||| FLEEEEING.
 41011 | Vaults:3 | 41011 ||| FLEEEEING.
 41013 | Vaults:3 | 41013 ||| FLEEEEING.
 41014 | Vaults:3 | 41014 ||| FLEEEEING.
 41016 | Vaults:3 | 41016 ||| STAIRDANCE
 41261 | Vaults:3 | 41261 ||| Stepping ~*~*~tactically~*~*~ (hiding).
 41262 | Vaults:3 | 41262 ||| Stepping ~*~*~tactically~*~*~ (hiding).
 41465 | Vaults:3 | You are sucked into a shaft and drop 1 floor!
 41529 | Vaults:4 | 41529 ||| INVOKING Heroism.
 41558 | Vaults:4 | 41558 ||| INVOKING Finesse.
 41743 | Vaults:4 | Identified a scroll of acquirement
 41763 | Vaults:4 | 41763 ||| READING scroll of acquirement.
 41763 | Vaults:4 | 41763 ||| ACQUIRING 399 gold pieces
 41763 | Vaults:4 | Acquired 399 gold pieces
 41790 | Abyss:2  | Cast into level 2 of the Abyss (a wizard)
 41848 | Abyss:2  | Reached XP level 21. HP: 144/144 MP: 28/28
 41854 | Abyss:2  | 41854 ||| Stepping ~*~*~tactically~*~*~ (hiding).
 41855 | Abyss:2  | 41855 ||| Stepping ~*~*~tactically~*~*~ (hiding).
 41916 | Abyss:2  | 41916 ||| Stepping ~*~*~tactically~*~*~ (stealth).
 41917 | Abyss:2  | 41917 ||| Stepping ~*~*~tactically~*~*~ (stealth).
 41933 | Abyss:2  | 41933 ||| Stepping ~*~*~tactically~*~*~ (stealth).
 41935 | Abyss:2  | 41935 ||| Stepping ~*~*~tactically~*~*~ (hiding).
 41964 | Abyss:2  | 41964 ||| Stepping ~*~*~tactically~*~*~ (stealth).
 41983 | Abyss:2  | 41983 ||| Stepping ~*~*~tactically~*~*~ (stealth).
 41985 | Abyss:2  | 41985 ||| Stepping ~*~*~tactically~*~*~ (stealth).
 41986 | Abyss:2  | 41986 ||| Stepping ~*~*~tactically~*~*~ (stealth).
 41987 | Abyss:2  | 41987 ||| Stepping ~*~*~tactically~*~*~ (stealth).
 41989 | Abyss:2  | 41989 ||| Stepping ~*~*~tactically~*~*~ (stealth).
 41991 | Abyss:2  | 41991 ||| Stepping ~*~*~tactically~*~*~ (stealth).
 41992 | Abyss:2  | 41992 ||| Stepping ~*~*~tactically~*~*~ (stealth).
 42006 | Abyss:2  | 42006 ||| Stepping ~*~*~tactically~*~*~ (stealth).
 42008 | Abyss:2  | 42008 ||| Stepping ~*~*~tactically~*~*~ (stealth).
 42044 | Abyss:2  | Reached skill level 6 in Dodging
 42050 | Vaults:4 | Escaped the Abyss
 42195 | Vaults:4 | Noticed Margery
 42196 | Vaults:4 | 42196 ||| DRINKING 6 potions of resistance.
 42197 | Vaults:4 | 42197 ||| INVOKING Heroism.
 42208 | Vaults:4 | Killed Margery
 42215 | Vaults:4 | Received a gift from Okawaru
 42553 | Vaults:4 | Noticed Frederick
 42554 | Vaults:4 | 42554 ||| INVOKING Heroism.
 42565 | Vaults:4 | Killed Frederick
 42608 | Vaults:4 | Received a gift from Okawaru
 42977 | Vaults:3 | Found a staircase to the Crypt.
 43059 | Vaults:3 | Found a runed translucent gate.
 43060 | Vaults:3 | Found a runed translucent gate.
 43060 | Vaults:3 | Found a runed translucent gate.
 43060 | Vaults:3 | Noticed Anosyof's ghost (adept CeHu)
 43143 | Vaults:3 | Found a viscous altar of Jiyva.
 43193 | Vaults:4 | 43193 ||| FLEEEEING.
 43194 | Vaults:4 | 43194 ||| FLEEEEING.
 43444 | Vaults:4 | 43444 ||| FLEEEEING.
 43447 | Vaults:4 | 43447 ||| FLEEEEING.
 43448 | Vaults:4 | 43448 ||| FLEEEEING.
 43449 | Vaults:4 | 43449 ||| FLEEEEING.
 43451 | Vaults:4 | 43451 ||| FLEEEEING.
 43452 | Vaults:4 | 43452 ||| FLEEEEING.
 43453 | Vaults:4 | 43453 ||| FLEEEEING.
 43454 | Vaults:4 | 43454 ||| FLEEEEING.
 43456 | Vaults:4 | 43456 ||| FLEEEEING.
 43457 | Vaults:4 | 43457 ||| FLEEEEING.
 43458 | Vaults:4 | 43458 ||| FLEEEEING.
 43459 | Vaults:4 | 43459 ||| FLEEEEING.
 43461 | Vaults:4 | 43461 ||| FLEEEEING.
 43465 | Vaults:4 | 43465 ||| STAIRDANCE
 43501 | Vaults:3 | 43501 ||| Stepping ~*~*~tactically~*~*~ (hiding).
 43502 | Vaults:3 | 43502 ||| Stepping ~*~*~tactically~*~*~ (hiding).
 43507 | Vaults:3 | 43507 ||| INVOKING Heroism.
 43847 | Vaults:4 | 43847 ||| Stepping ~*~*~tactically~*~*~ (stealth).
 43848 | Vaults:4 | 43848 ||| Stepping ~*~*~tactically~*~*~ (stealth).
 43854 | Vaults:4 | 43854 ||| INVOKING Heroism.
 44218 | Vaults:4 | Reached skill level 20 in Fighting
 44272 | Vaults:4 | 44272 ||| Stepping ~*~*~tactically~*~*~ (hiding).
 44359 | Vaults:4 | 44359 ||| DRINKING 13 potions of curing.
 44359 | Vaults:4 | 44359 ||| (to cure confusion)
 44364 | Vaults:4 | Paralysed by a sphinx for 3 turns
 44533 | Vaults:4 | 44533 ||| Stepping ~*~*~tactically~*~*~ (stealth).
 44535 | Vaults:4 | 44535 ||| Stepping ~*~*~tactically~*~*~ (hiding).
 44542 | Vaults:4 | Identified the +6 scale mail "Qomuti" {rN++} (Okawaru
                  | gifted it to you on level 4 of the Vaults)
 44542 | Vaults:4 | Received a gift from Okawaru
 44614 | Vaults:4 | 44614 ||| PLANNING SPIDER:4
 44967 | Spider:4 | Entered Level 4 of the Spider Nest
 44994 | Spider:4 | 44994 ||| Stepping ~*~*~tactically~*~*~ (stealth).
 45020 | Spider:4 | 45020 ||| Stepping ~*~*~tactically~*~*~ (stealth).
 45046 | Spider:4 | 45046 ||| INVOKING Heroism.
 45062 | Spider:4 | 45062 ||| FLEEEEING.
 45063 | Spider:4 | 45063 ||| STAIRDANCE
 45371 | Spider:4 | 45371 ||| FLEEEEING.
 45372 | Spider:4 | 45372 ||| FLEEEEING.
 45660 | Spider:4 | 45660 ||| Stepping ~*~*~tactically~*~*~ (stealth).
 45687 | Spider:4 | 45687 ||| Stepping ~*~*~tactically~*~*~ (stealth).
 45688 | Spider:4 | 45688 ||| Stepping ~*~*~tactically~*~*~ (stealth).
 45718 | Spider:4 | 45718 ||| Stepping ~*~*~tactically~*~*~ (stealth).
 45721 | Spider:4 | 45721 ||| Stepping ~*~*~tactically~*~*~ (stealth).
 45753 | Spider:4 | 45753 ||| INVOKING Heroism.
 45946 | Spider:4 | 45946 ||| Stepping ~*~*~tactically~*~*~ (stealth).
 46127 | Spider:4 | Identified the orb of Ferocious Creativity {light, -Tele
                  | Dex+6}
 46132 | Spider:4 | Got a gossamer rune of Zot
 46134 | Spider:4 | Identified the +1 hat "Kem Hur" {rPois Dex+3}
 46140 | Spider:4 | 46140 ||| READING scroll of enchant weapon.
 46140 | Spider:4 | 46140 ||| ENCHANTING +2 spectral broad axe.
 46141 | Spider:4 | 46141 ||| DROPPING +3 broad axe.
 46148 | Spider:4 | Identified the +0 hat of the Dozen Ultimatums {rF+++}
 46174 | Spider:4 | Reached skill level 21 in Shields
 46274 | Spider:4 | 46274 ||| Stepping ~*~*~tactically~*~*~ (hiding).
 46447 | Spider:4 | 46447 ||| Stepping ~*~*~tactically~*~*~ (stealth).
 46448 | Spider:4 | 46448 ||| Stepping ~*~*~tactically~*~*~ (stealth).
 46449 | Spider:4 | 46449 ||| Stepping ~*~*~tactically~*~*~ (stealth).
 46459 | Spider:4 | 46459 ||| Stepping ~*~*~tactically~*~*~ (stealth).
 46546 | Spider:4 | 46546 ||| PLANNING DEPTHS
 46546 | Spider:4 | 46546 ||| DROPPING +1 hat "Kem Hur" {rPois Dex+3}.
 46547 | Spider:4 | 46547 ||| UPGRADING to +0 hat of the Dozen Ultimatums
                  | {rF+++}.
 46830 | Depths:1 | Entered Level 1 of the Depths
 46831 | Depths:1 | 46831 ||| INVOKING Heroism.
 46832 | Depths:1 | 46832 ||| INVOKING Finesse.
 46894 | Depths:1 | Found a gateway to Hell.
 46966 | Depths:1 | Identified the +0 great sword of Hej Zat {drain, Will+
                  | Str+3 Dex+4}
 46997 | Depths:1 | 46997 ||| Stepping ~*~*~tactically~*~*~ (hiding).
 47003 | Depths:1 | 47003 ||| INVOKING Heroism.
 47008 | Depths:1 | 47008 ||| Stepping ~*~*~tactically~*~*~ (hiding).
 47131 | Depths:1 | Found Nodd's General Store.
 47131 | Depths:1 | Found Ruotiosi's Antique Weapon Shoppe.
 47135 | Depths:1 | Found Moruconn's General Store.
 47140 | Depths:1 | 47140 ||| BUYING potion of curing (63 gold).
 47140 | Depths:1 | Bought a potion of curing for 63 gold pieces
 47140 | Depths:1 | 47140 ||| BUYING potion of haste (210 gold).
 47140 | Depths:1 | Bought a potion of haste for 210 gold pieces
 47140 | Depths:1 | 47140 ||| BUYING scroll of enchant armour (157 gold).
 47140 | Depths:1 | Bought a scroll of enchant armour for 157 gold pieces
 47144 | Depths:1 | 47144 ||| BUYING potion of cancellation (184 gold).
 47144 | Depths:1 | Bought a potion of cancellation for 184 gold pieces
 47144 | Depths:1 | 47144 ||| BUYING potion of curing (69 gold).
 47144 | Depths:1 | Bought a potion of curing for 69 gold pieces
 47161 | Depths:1 | 47161 ||| Stepping ~*~*~tactically~*~*~ (hiding).
 47180 | Depths:1 | 47180 ||| Stepping ~*~*~tactically~*~*~ (hiding).
 47182 | Depths:1 | 47182 ||| Stepping ~*~*~tactically~*~*~ (hiding).
 47184 | Depths:1 | 47184 ||| DRINKING 15 potions of curing.
 47184 | Depths:1 | 47184 ||| (to cure confusion)
 47186 | Depths:1 | 47186 ||| Stepping ~*~*~tactically~*~*~ (hiding).
 47197 | Depths:1 | Found Hevi's Distillery.
 47200 | Depths:1 | 47200 ||| INVOKING Heroism.
 47203 | Depths:1 | 47203 ||| INVOKING Finesse.
 47206 | Depths:1 | Reached XP level 22. HP: 99/153 MP: 21/29
 47239 | Depths:1 | Reached skill level 21 in Fighting
 47239 | Depths:1 | 47239 ||| INVOKING Heroism.
 47475 | Depths:1 | 47475 ||| BUYING potion of attraction (48 gold).
 47475 | Depths:1 | Bought a potion of attraction for 48 gold pieces
 47475 | Depths:1 | 47475 ||| BUYING potion of curing (48 gold).
 47475 | Depths:1 | Bought a potion of curing for 48 gold pieces
 47475 | Depths:1 | 47475 ||| BUYING potion of curing (48 gold).
 47475 | Depths:1 | Bought a potion of curing for 48 gold pieces
 47475 | Depths:1 | 47475 ||| BUYING potion of curing (48 gold).
 47475 | Depths:1 | Bought a potion of curing for 48 gold pieces
 47475 | Depths:1 | 47475 ||| BUYING potion of curing (48 gold).
 47475 | Depths:1 | Bought a potion of curing for 48 gold pieces
 47475 | Depths:1 | 47475 ||| BUYING potion of mutation (128 gold).
 47475 | Depths:1 | Bought a potion of mutation for 128 gold pieces
 47475 | Depths:1 | 47475 ||| BUYING potion of mutation (128 gold).
 47475 | Depths:1 | Bought a potion of mutation for 128 gold pieces
 47484 | Depths:1 | 47484 ||| INVOKING Heroism.
 47485 | Depths:1 | 47485 ||| INVOKING Finesse.
 47596 | Depths:1 | Found a hazy altar of Hepliaklqana.
 47681 | Depths:1 | Found a one-way gate leading to the halls of Pandemonium.
 47845 | Depths:1 | 47845 ||| DROPPING +0 fire dragon scales.
 47928 | Depths:2 | 47928 ||| Stepping ~*~*~tactically~*~*~ (hiding).
 47955 | Depths:2 | 47955 ||| FLEEEEING.
 47959 | Depths:2 | 47959 ||| FLEEEEING.
 47960 | Depths:2 | 47960 ||| FLEEEEING.
 47961 | Depths:2 | 47961 ||| FLEEEEING.
 47962 | Depths:2 | 47962 ||| FLEEEEING.
 47964 | Depths:2 | 47964 ||| FLEEEEING.
 47968 | Depths:2 | 47968 ||| Stepping ~*~*~tactically~*~*~ (hiding).
 47969 | Depths:2 | 47969 ||| Stepping ~*~*~tactically~*~*~ (hiding).
 48027 | Depths:2 | 48027 ||| Stepping ~*~*~tactically~*~*~ (stealth).
 48030 | Depths:2 | 48030 ||| INVOKING Heroism.
 48031 | Depths:2 | 48031 ||| INVOKING Finesse.
 48061 | Depths:2 | Received a gift from Okawaru
 48062 | Depths:2 | 48062 ||| Stepping ~*~*~tactically~*~*~ (hiding).
 48087 | Depths:2 | 48087 ||| Stepping ~*~*~tactically~*~*~ (hiding).
 48093 | Depths:2 | 48093 ||| Stepping ~*~*~tactically~*~*~ (hiding).
 48096 | Depths:2 | 48096 ||| INVOKING Finesse.
 48113 | Depths:2 | 48113 ||| INVOKING Heroism.
 48160 | Depths:2 | 48160 ||| Stepping ~*~*~tactically~*~*~ (hiding).
 48161 | Depths:2 | 48161 ||| Stepping ~*~*~tactically~*~*~ (hiding).
 48415 | Depths:2 | 48415 ||| Stepping ~*~*~tactically~*~*~ (hiding).
 48435 | Depths:2 | 48435 ||| INVOKING Heroism.
 48711 | Depths:2 | 48711 ||| INVOKING Heroism.
 48714 | Depths:2 | Received a gift from Okawaru
 48838 | Depths:2 | 48838 ||| INVOKING Finesse.
 48947 | Depths:2 | Found a portal to a secret trove of treasure.
 49080 | Depths:2 | Reached skill level 22 in Fighting
 49122 | Depths:2 | 49122 ||| INVOKING Heroism.
 49173 | Depths:2 | Found a one-way gate to the infinite horrors of the Abyss.
 49235 | Depths:2 | Found a one-way gateway to a ziggurat.
 49236 | Depths:2 | 49236 ||| DROPPING +2 pair of gloves.
 49412 | Depths:2 | 49412 ||| Stepping ~*~*~tactically~*~*~ (stealth).
 49690 | Depths:3 | 49690 ||| Stepping ~*~*~tactically~*~*~ (stealth).
 49696 | Depths:3 | 49696 ||| INVOKING Heroism.
 49811 | Depths:3 | 49811 ||| Stepping ~*~*~tactically~*~*~ (hiding).
 49812 | Depths:3 | 49812 ||| INVOKING Heroism.
 49856 | Depths:3 | Received a gift from Okawaru
 50034 | Depths:3 | 50034 ||| Stepping ~*~*~tactically~*~*~ (hiding).
 50050 | Depths:3 | 50050 ||| Stepping ~*~*~tactically~*~*~ (stealth).
 50156 | Depths:3 | 50156 ||| Stepping ~*~*~tactically~*~*~ (stealth).
 50157 | Depths:3 | 50157 ||| Stepping ~*~*~tactically~*~*~ (stealth).
 50158 | Depths:3 | 50158 ||| Stepping ~*~*~tactically~*~*~ (stealth).
 50159 | Depths:3 | 50159 ||| Stepping ~*~*~tactically~*~*~ (stealth).
 50160 | Depths:3 | 50160 ||| Stepping ~*~*~tactically~*~*~ (stealth).
 50161 | Depths:3 | 50161 ||| Stepping ~*~*~tactically~*~*~ (stealth).
 50164 | Depths:3 | 50164 ||| Stepping ~*~*~tactically~*~*~ (stealth).
 50168 | Depths:3 | 50168 ||| Stepping ~*~*~tactically~*~*~ (hiding).
 50169 | Depths:3 | 50169 ||| Stepping ~*~*~tactically~*~*~ (stealth).
 50170 | Depths:3 | 50170 ||| INVOKING Heroism.
 50174 | Depths:3 | Reached skill level 18 in Armour
 50175 | Depths:3 | 50175 ||| Stepping ~*~*~tactically~*~*~ (hiding).
 50185 | Depths:3 | 50185 ||| INVOKING Finesse.
 50186 | Depths:3 | 50186 ||| INVOKING Finesse.
 50197 | Depths:3 | Received a gift from Okawaru
 50202 | Depths:3 | 50202 ||| INVOKING Heroism.
 50203 | Depths:3 | 50203 ||| Stepping ~*~*~tactically~*~*~ (cloud).
 50335 | Depths:3 | Found Ving's Assorted Antiques.
 50343 | Depths:3 | 50343 ||| BUYING potion of mutation (312 gold).
 50343 | Depths:3 | Bought a potion of mutation for 312 gold pieces
 50343 | Depths:3 | 50343 ||| BUYING scroll of enchant armour (292 gold).
 50343 | Depths:3 | Bought a scroll of enchant armour for 292 gold pieces
 50492 | Depths:3 | Found Buun's Magic Scroll Shoppe.
 50497 | Depths:3 | 50497 ||| BUYING scroll of brand weapon (161 gold).
 50497 | Depths:3 | Bought a scroll of brand weapon for 161 gold pieces
 50497 | Depths:3 | 50497 ||| BUYING scroll of brand weapon (161 gold).
 50497 | Depths:3 | Bought a scroll of brand weapon for 161 gold pieces
 50497 | Depths:3 | 50497 ||| BUYING scroll of teleportation (51 gold).
 50497 | Depths:3 | Bought a scroll of teleportation for 51 gold pieces
 50511 | Depths:3 | Found a transporter.
 50512 | Depths:3 | 50512 ||| Stepping ~*~*~tactically~*~*~ (hiding).
 50514 | Depths:3 | 50514 ||| Stepping ~*~*~tactically~*~*~ (hiding).
 50568 | Depths:3 | Found a transporter.
 50598 | Depths:3 | Found Kuabedgh's Distillery.
 50606 | Depths:3 | 50606 ||| BUYING 2 potions of might (104 gold).
 50606 | Depths:3 | Bought 2 potions of might for 104 gold pieces
 50606 | Depths:3 | 50606 ||| BUYING potion of attraction (39 gold).
 50606 | Depths:3 | Bought a potion of attraction for 39 gold pieces
 50606 | Depths:3 | 50606 ||| BUYING potion of cancellation (104 gold).
 50606 | Depths:3 | Bought a potion of cancellation for 104 gold pieces
 50606 | Depths:3 | 50606 ||| BUYING potion of cancellation (104 gold).
 50606 | Depths:3 | Bought a potion of cancellation for 104 gold pieces
 50606 | Depths:3 | 50606 ||| BUYING potion of curing (39 gold).
 50606 | Depths:3 | Bought a potion of curing for 39 gold pieces
 50606 | Depths:3 | 50606 ||| BUYING potion of curing (39 gold).
 50606 | Depths:3 | Bought a potion of curing for 39 gold pieces
 50611 | Depths:3 | Found a transporter.
 50655 | Depths:3 | Found a transporter.
 50661 | Depths:3 | Identified the +1 plate armour of Pride {rF+}
 50789 | Depths:3 | 50789 ||| DROPPING +0 plate armour of fire resistance.
 50809 | Depths:4 | Entered Level 4 of the Depths
 50815 | Depths:4 | 50815 ||| INVOKING Heroism.
 50848 | Depths:4 | Received a gift from Okawaru
 50917 | Depths:4 | 50917 ||| READING scroll of enchant weapon.
 50917 | Depths:4 | 50917 ||| ENCHANTING +3 spectral broad axe.
 50959 | Depths:4 | 50959 ||| Stepping ~*~*~tactically~*~*~ (hiding).
 51141 | Depths:4 | 51141 ||| Stepping ~*~*~tactically~*~*~ (stealth).
 51142 | Depths:4 | 51142 ||| Stepping ~*~*~tactically~*~*~ (stealth).
 51369 | Depths:4 | 51369 ||| INVOKING Heroism.
 51385 | Depths:4 | 51385 ||| FLEEEEING.
 51386 | Depths:4 | 51386 ||| FLEEEEING.
 51397 | Depths:4 | 51397 ||| FLEEEEING.
 51398 | Depths:4 | 51398 ||| Stepping ~*~*~tactically~*~*~ (hiding).
 51400 | Depths:4 | 51400 ||| Stepping ~*~*~tactically~*~*~ (hiding).
 51401 | Depths:4 | 51401 ||| INVOKING Heroism.
 51424 | Depths:4 | 51424 ||| Stepping ~*~*~tactically~*~*~ (stealth).
 51426 | Depths:4 | 51426 ||| Stepping ~*~*~tactically~*~*~ (stealth).
 51427 | Depths:4 | 51427 ||| Stepping ~*~*~tactically~*~*~ (stealth).
 51580 | Depths:4 | 51580 ||| Stepping ~*~*~tactically~*~*~ (hiding).
 51582 | Depths:4 | 51582 ||| Stepping ~*~*~tactically~*~*~ (hiding).
 51592 | Depths:4 | Reached XP level 23. HP: 162/162 MP: 30/30
 51608 | Depths:4 | 51608 ||| Stepping ~*~*~tactically~*~*~ (stealth).
 51622 | Depths:4 | 51622 ||| FLEEEEING.
 51994 | Depths:4 | Found a gate to the Realm of Zot.
 52408 | Depths:4 | 52408 ||| PLANNING VAULTS:5
 52591 | Vaults:5 | Entered Level 5 of the Vaults
 52592 | Vaults:5 | 52592 ||| INVOKING Heroism.
 52593 | Vaults:5 | 52593 ||| INVOKING Finesse.
 52599 | Vaults:5 | Received a gift from Okawaru
 52604 | Vaults:5 | Noticed Sojobo
 52611 | Vaults:5 | Reached skill level 23 in Fighting
 52611 | Abyss:2  | Cast into level 2 of the Abyss (a deep elf demonologist)
 52616 | Abyss:2  | Identified the +1 robe "Hero's Friend" {rN+ Will+} (Okawaru
                  | gifted it to you on level 2 of the Abyss)
 52616 | Abyss:2  | Received a gift from Okawaru
 52714 | Abyss:2  | 52714 ||| Stepping ~*~*~tactically~*~*~ (stealth).
 52716 | Abyss:2  | 52716 ||| Stepping ~*~*~tactically~*~*~ (stealth).
 52719 | Abyss:2  | 52719 ||| Stepping ~*~*~tactically~*~*~ (stealth).
 52749 | Abyss:2  | 52749 ||| Stepping ~*~*~tactically~*~*~ (hiding).
 52751 | Abyss:2  | 52751 ||| INVOKING Heroism.
 52752 | Abyss:2  | 52752 ||| INVOKING Finesse.
 52810 | Abyss:2  | 52810 ||| Stepping ~*~*~tactically~*~*~ (cloud).
 52853 | Abyss:2  | 52853 ||| Stepping ~*~*~tactically~*~*~ (stealth).
 52884 | Abyss:2  | Gained mutation: You are dopey. (Int -2) [a shining eye]
 52921 | Abyss:2  | 52921 ||| Stepping ~*~*~tactically~*~*~ (stealth).
 52961 | Abyss:2  | 52961 ||| Stepping ~*~*~tactically~*~*~ (hiding).
 53097 | Abyss:2  | 53097 ||| Stepping ~*~*~tactically~*~*~ (hiding).
 53117 | Vaults:5 | Escaped the Abyss
 53118 | Vaults:5 | 53118 ||| INVOKING Heroism.
 53126 | Vaults:5 | Killed Sojobo
 53134 | Vaults:5 | Identified the +10 plate armour "Atiotek" {rC+ MP-9 Int+3}
 53140 | Vaults:5 | 53140 ||| INVOKING Finesse.
 53146 | Vaults:5 | Noticed an ancient lich
 53159 | Vaults:5 | Killed an ancient lich
 53164 | Vaults:5 | HP: 19/164 [titan (27)]
 53165 | Vaults:5 | 53165 ||| READING 14 scrolls of teleportation.
 53165 | Vaults:5 | HP: 4/164 [titan/bolt of lightning (16)]
 53166 | Vaults:5 | 53166 ||| DRINKING 4 potions of heal wounds.
 53166 | Vaults:5 | Identified the amulet "Xamery" {rC+ Regen+ MP+9 Dex+4
                  | Slay+2}
 53167 | Vaults:5 | 53167 ||| DRINKING 3 potions of heal wounds.
 53176 | Vaults:5 | 53176 ||| INVOKING Heroism.
 53211 | Vaults:5 | 53211 ||| Stepping ~*~*~tactically~*~*~ (stealth).
 53225 | Vaults:5 | HP: 40/164 [vault warden/+0 war axe (18)]
 53226 | Vaults:5 | 53226 ||| READING 13 scrolls of teleportation.
 53227 | Vaults:5 | 53227 ||| DRINKING 2 potions of heal wounds.
 53232 | Vaults:5 | HP: 35/164 [deep troll[an ironbound preserver] (15)]
 53233 | Vaults:5 | 53233 ||| READING 12 scrolls of teleportation.
 53234 | Vaults:5 | 53234 ||| DRINKING potion of heal wounds.
 53237 | Vaults:5 | 53237 ||| READING 11 scrolls of teleportation.
 53239 | Vaults:5 | 53239 ||| INVOKING Heroism.
 53240 | Vaults:5 | 53240 ||| READING 10 scrolls of teleportation.
 53241 | Vaults:5 | HP: 26/164 [titan/the air (16)]
 53246 | Vaults:5 | 53246 ||| READING 9 scrolls of teleportation.
 53247 | Vaults:5 | HP: 18/161 [shadow dragon/bolt of negative energy (10)]
 53252 | Vaults:5 | HP: 19/162 [something (1)]
 53253 | Vaults:5 | 53253 ||| READING 8 scrolls of teleportation.
 53264 | Vaults:5 | 53264 ||| READING 7 scrolls of teleportation.
 53268 | Vaults:5 | Killed from afar by a titan

Levels and vault maps discovered:
D:1:      ebering_trefoil_3fold, layout_loops_ring
D:2:      layout_basic, hellmonk_ecumenical_altar_inner_sanctum, serial_shops,
          nicolae_shop_scrapyard, lightli_corner_chamber,
          uniq_crazy_yiuf_cottage
D:3:      layout_loops_ring
D:4:      minmay_wonky_spiral, layout_basic, nicolae_overflow_squiral,
          minmay_temple_entry_butterflies
D:5:      layout_basic, nicolae_shop_distant_corner_stores,
          minmay_misc_feat_encased, roderic_lattice_a, uniq_edmund,
          uniq_prince_ribbit1, uniq_grinder, uniq_duvessa
D:6:      layout_cave_pools
D:7:      layout_loops_corners, nicolae_wooded_promenade
D:8:      layout_rooms, kennysheep_path_1
D:9:      layout_irregular_city, david_orc_5
D:10:     layout_basic, mainiacjoe_overflow_catch_the_wave,
          erik_lair_orcish_takeover, enter_bailey_5, minivault_22, minmay_puff
D:11:     layout_roguey, minmay_shop_mayhem, uniq_urug
D:12:     layout_rooms, gauntlet_entry_generic, uniq_josephine
D:13:     layout_loops_corners, serial_glass, glass_columns_a, glass_columns_a
D:14:     layout_basic, david_vaults_2, serial_undead, serial_undead_f,
          serial_undead_f, serial_undead_c, serial_undead_a,
          nicolae_twisting_strands, corexii_hall_statues_i
D:15:     hangedman_depths_entry_try_elsewhere_first, layout_cave_pods,
          hellmonk_bongcloud_opening
Temple:   dpeg_five_rooms_temple
Lair:1:   layout_regular_city, minivault_11
Lair:2:   layout_chaotic_city, nicolae_shoals_entry_flooding,
          spider_nest_entry_funnel_web, lightli_volcano_entry_magma_tube,
          lemuel_fruit_tree
Lair:3:   layout_roguey, chequers_serial_rivers_marsh, grunt_megastairs_1,
          uniq_nessos
Lair:4:   layout_layer_cave, dpeg_slime_entry_enclosed
Lair:5:   minmay_lair_end_enchanted_forest, layout_long_grid, minivault_26
Shoals:1: nicolae_shoals_island_circles, layout_shoals, serial_shops, shop
Shoals:2: layout_shoals, nicolae_shoals_kraken_party, uniq_ilsuiw
Shoals:3: layout_shoals
Shoals:4: shoals_end_grunt_garden, layout_shoals, ebering_ghost_reflecting_pool
Spider:1: layout_spider_delve
Spider:2: layout_spider_delve, nicolae_spider_rock_and_or_roll
Spider:3: layout_spider_delve, nicolae_spider_scorpion_nest
Spider:4: grunt_spider_rune_circles, hellmonk_spider_spawner
Orc:1:    layout_caves, serial_shops, shop, uniq_jorgrun
Orc:2:    grunt_orc_cross, layout_caves, minmay_orc_keep
Vaults:1: nicolae_vaults_offset_grid_hallway_3,
          nicolae_vaults_oval_intersection, v_alt_pattern_2,
          nicolae_vaults_storage_closets_3, v_pattern_5,
          vaults_dpeg_emergency_exit, nicolae_vaults_closet_pinwheel_4,
          layout_vaults_omnigrid, serial_shops, nicolae_shop_tiny_glass,
          nicolae_shop_waterfront, shop
Vaults:2: nicolae_vaults_trapezoid_layered, grunt_vaults_twisty,
          dpeg_vaults_monster_row, v_alt_pattern_5,
          nicolae_vaults_network_square, nicolae_vaults_doubleplus_tesselated,
          nicolae_vaults_apartment_1, v_misc_9,
          nicolae_vaults_disappearing_quadrants, v_misc_19,
          grunt_vaults_bifocal, ontoclasm_vaults_pinch,
          layout_vaults_maze_bifur, serial_shops, shop, uniq_boris
Vaults:3: gammafunk_ghost_ooze, v_alt_pattern_6, hangedman_vaults_corner_blocks,
          v_alt_pattern_6, nicolae_vaults_trapezoid_lopsided_4,
          minmay_crypt_entry_simple_corners,
          nicolae_vaults_offset_grid_hallway_3, nicolae_vaults_sightless_eye,
          nicolae_vaults_tetromino_T_1, nicolae_vaults_quartermaster,
          grunt_vaults_hallway_short, dpeg_vaults_monster_box,
          layout_vaults_ring, uniq_nikola
Vaults:4: hangedman_vaults_corner_blocks, nicolae_vaults_house_2,
          vaults_room_fancy_cross, ontoclasm_vaults_bender,
          nicolae_vaults_fighting_squares, vaults_mumra_minichess,
          nicolae_vaults_closet_pinwheel_3, nicolae_vaults_shrinking_rooms_1,
          vaults_dpeg_diagonal, nicolae_vaults_hexular_roomagon,
          grunt_vaults_hallway_long, vaults_room_fancy_cross, v_rooms_6,
          grunt_vaults_hallway_short, v_misc_12, layout_vaults_omnibox,
          uniq_margery, uniq_frederick
Vaults:5: serial_shops, uniq_sojobo
Depths:1: layout_cave_pools, rand_demon_pan_entry_5, lightli_too_deep,
          minmay_holes, serial_shops, nicolae_shop_crystal,
          minmay_variable_closet, nzn_hepliaklqana_mist_gate, minmay_shop_star
Depths:2: nzn_winding_woodlands_medium [nzn_winding_woodlands_5x5_open_star,
          nzn_winding_woodlands_5x15_eye, nzn_winding_woodlands_5x5_closed_star,
          nzn_winding_woodlands_hourglass, nzn_winding_woodlands_center_garden,
          nzn_winding_woodlands_5x5_checkerboard,
          nzn_winding_woodlands_5x5_default, nzn_winding_woodlands_5x15_zeroes,
          nzn_winding_woodlands_5x5_cross], layout_gridlike, enter_ziggurat_d,
          trove_entry_hex_spiral, hangedman_geh_valley, abyss_entry,
          rand_demon_pan_entry_7, infiniplex_staircase_pool_1
Depths:3: grated_community_mu [grated_community_mu_vampire_home,
          grated_community_mu_giant_home, grated_community_mu_spellcaster_home,
          grated_community_mu_orcish_home, grated_community_mu_troll_home,
          grated_community_mu_taur_home, grated_community_mu_unbuilt_plot],
          layout_basic, abyss_entry, serial_shops, kennysheep_little_box, shop,
          nicolae_shop_peninsula, hell_entry, nicolae_transporter_intersection,
          infiniplex_staircase_pillars_2, serial_bayou_shore_a,
          uniq_enchantress, uniq_parghit, uniq_josephina
Depths:4: evilmike_zot_entry_basic, layout_honeycomb, hell_entry

Skill      XL: |  1  2  3  4  5  6  7  8  9 10 11 12 13 14 15 16 17 18 19 20 21 22 23 |
---------------+----------------------------------------------------------------------+-----
Axes           | 2 3 4 5 6 7 9 11 13 15 16 17 18 | 18.0
Fighting       | 4 5 7 8 9 10 11 12 13 14 15 17 19 20 22 23 | 23.0
Invocations    | 3 4 5 8 10 | 10.0
Armour         | 4 5 6 7 8 9 10 11 13 14 15 16 17 18 | 18.8
Dodging        | 1 2 3 4 5 6 7 8 |  8.0
Throwing       | 2 6 7 9 10 11 | 11.0
Shields        | 4 5 6 7 8 11 13 15 16 20 21 | 21.9

Action                     |  1- 3 |  4- 6 |  7- 9 | 10-12 | 13-15 | 16-18 | 19-21 | 22-24 || total
---------------------------+-------+-------+-------+-------+-------+-------+-------+-------++-------
  Melee: War axe           |    60 |    86 |   200 |   412 |   297 |       |       |       ||  1055
         Flail             |       |       |       |       |    35 |       |       |       ||    35
         Broad axe         |       |       |       |       |   536 |  1197 |  1078 |   676 ||  3487
  Throw: Boomerang         |       |    26 |    40 |   123 |    81 |     7 |   173 |    73 ||   523
         Javelin           |       |       |       |       |    86 |   168 |    57 |    10 ||   321
 Invoke: Heroism           |       |     1 |    11 |    28 |    40 |    31 |    31 |    19 ||   161
         Finesse           |       |       |       |     1 |     4 |     6 |     6 |     8 ||    25
    Use: Scroll            |     3 |     9 |    10 |     4 |    13 |     7 |     6 |     9 ||    61
         Potion            |     1 |     2 |       |     2 |     1 |     6 |     6 |     4 ||    22
   Stab: Distracted        |       |       |       |       |       |       |    23 |     6 ||    29
 Armour: Scale mail        |    30 |     9 |       |       |       |       |       |       ||    39
         Plate armour      |       |    48 |   168 |   400 |    38 |       |       |       ||   654
         Chain mail        |       |       |       |       |   662 |   602 |   398 |   178 ||  1840
  Dodge: Dodged            |    22 |    34 |    81 |   212 |   340 |   641 |   347 |   134 ||  1811
  Block: Buckler           |     5 |    11 |    55 |   116 |   183 |       |       |       ||   370
         Kite shield       |       |       |       |       |   104 |   930 |   138 |       ||  1172
         Tower shield      |       |       |       |       |       |       |   476 |   378 ||   854

Table legend:
 A = Non-vault XP
 B = Vault XP
 C = Vault XP percentage of total XP
 D = Non-vault monster count
 E = Vault monster count
 F = Vault count percentage of total count
                 A         B        C        D         E       F
            +---------+---------+-------+---------+---------+-------
      Total |  473573 |  313389 |  39.8 |    1114 |     511 |  31.4
            +---------+---------+-------+---------+---------+-------
        D:1 |       7 |       0 |   0.0 |       6 |       0 |   0.0
        D:2 |      59 |       0 |   0.0 |      12 |       0 |   0.0
        D:3 |      39 |       0 |   0.0 |      14 |       0 |   0.0
        D:4 |     147 |       7 |   4.5 |      17 |       3 |  15.0
        D:5 |     462 |     895 |  66.0 |       6 |       5 |  45.5
        D:6 |     535 |       0 |   0.0 |       6 |       0 |   0.0
        D:7 |     839 |       0 |   0.0 |      20 |       0 |   0.0
        D:8 |    1066 |       0 |   0.0 |      18 |       0 |   0.0
        D:9 |    1631 |     803 |  33.0 |      30 |      22 |  42.3
       D:10 |    4400 |    2344 |  34.8 |      27 |      19 |  41.3
       D:11 |    3968 |     780 |  16.4 |       9 |       1 |  10.0
       D:12 |    3757 |    1939 |  34.0 |      24 |       6 |  20.0
       D:13 |    5396 |       0 |   0.0 |      13 |       0 |   0.0
       D:14 |   11037 |    7899 |  41.7 |      30 |      17 |  36.2
       D:15 |   10200 |    2894 |  22.1 |      28 |       4 |  12.5
     Lair:1 |    4399 |       0 |   0.0 |      21 |       0 |   0.0
     Lair:2 |    8731 |    1277 |  12.8 |      41 |       5 |  10.9
     Lair:3 |    6384 |    5889 |  48.0 |      16 |       7 |  30.4
     Lair:4 |    5260 |       0 |   0.0 |      10 |       0 |   0.0
     Lair:5 |   17326 |    8917 |  34.0 |      59 |      45 |  43.3
   Shoals:1 |   11323 |       0 |   0.0 |      24 |       0 |   0.0
   Shoals:2 |   14512 |    9676 |  40.0 |      30 |       9 |  23.1
   Shoals:3 |   20011 |       0 |   0.0 |      42 |       0 |   0.0
   Shoals:4 |   16396 |   18685 |  53.3 |      34 |      31 |  47.7
   Spider:1 |    4861 |       0 |   0.0 |      12 |       0 |   0.0
   Spider:2 |   11044 |    4995 |  31.1 |      35 |       6 |  14.6
   Spider:3 |   23418 |    5031 |  17.7 |      53 |       4 |   7.0
   Spider:4 |   11859 |   21779 |  64.7 |      37 |      46 |  55.4
      Orc:1 |    1671 |    1868 |  52.8 |      30 |       1 |   3.2
      Orc:2 |    1411 |    7399 |  84.0 |      29 |      43 |  59.7
   Vaults:1 |   25473 |   19810 |  43.7 |      38 |      28 |  42.4
   Vaults:2 |   49397 |   32513 |  39.7 |      65 |      37 |  36.3
   Vaults:3 |   25171 |   32842 |  56.6 |      35 |      43 |  55.1
   Vaults:4 |   27462 |   27370 |  49.9 |      40 |      27 |  40.3
   Vaults:5 |    6199 |   52716 |  89.5 |       9 |      49 |  84.5
   Depths:1 |   30869 |    2484 |   7.4 |      38 |       3 |   7.3
   Depths:2 |   12237 |   27469 |  69.2 |      16 |      30 |  65.2
   Depths:3 |   29310 |    3898 |  11.7 |      33 |       8 |  19.5
   Depths:4 |   23101 |    8296 |  26.4 |      29 |       8 |  21.6
    Abyss:2 |   42205 |       0 |   0.0 |      78 |       0 |   0.0
   Gauntlet |       0 |    2914 | 100.0 |       0 |       4 | 100.0
            +---------+---------+-------+---------+---------+-------
